 Dungeon Crawl Stone Soup version 0.22-a0-422-g9628fc8 (webtiles) character file.

1365793 PegasusDuck the Archmage (level 27, -9/192 HPs)
             Began as a Tengu Fire Elementalist on May 17, 2018.
             Was the Champion of Vehumet.
             Killed from afar by an orb of fire (17 damage)
             ... with a fireball
             ... on level 5 of the Realm of Zot on May 21, 2018.
             The game lasted 14:08:17 (159311 turns).

PegasusDuck the Archmage (TeFE)                   Turns: 159311, Time: 14:08:18

Health: -9/192     AC: 38    Str: 11    XL:     27
Magic:  5/65       EV: 27    Int: 31    God:    Vehumet [******]
Gold:   12181      SH: 15    Dex: 14    Spells: 1/80 levels left

rFire    + + +     SeeInvis +   a - +18 lance "Wyrmbane" {slay drac, rPois rF+ rC+ AC+3}
rCold    + + +     Gourm    .   Q - +2 shield of Resistance {rF+ rC+ MR+}
rNeg     + + +     Faith    .   B - +9 ring mail "Rain" {+Fly rF++ Str-5}
rPois    ∞         Spirit   .   c - +3 hat of Pondering {ponderous, MR+ MP+10 Int+5}
rElec    +         Reflect  .   S - +2 cloak of the Thief {+Fog Slay-2 SInv Stlth+}
rCorr    +         Harm     .   d - +2 pair of gloves "Aparih" {rF+}
MR       +++++                  (boots unavailable)
Stlth    ++++......             o - amulet of the Peasants {rPois MR+ Regen+}
HPRegen  0.82/turn              i - ring "Kuadaxku" {rCorr *Drain +Blink MR+ Str+7}
MPRegen  0.39/turn              H - ring "Xyilean" {Wiz rF- rC+ rN+++ Str-3}

@: about to teleport, lich-form, flying quickly and evasively, studying 2 skills
A: antennae 2, beak, talons 3, mutation resistance 1, poison resistance,
screaming 2, electricity resistance, able to fly 2
}: 15/15 runes: barnacled, slimy, silver, golden, iron, obsidian, icy, bone,
abyssal, demonic, glowing, magical, fiery, dark, gossamer
a: Stop Flying, End Transformation, Renounce Religion, Evoke Blink, Evoke Fog


You were on level 5 of the Realm of Zot.
You worshipped Vehumet.
Vehumet was exalted by your worship.
You were not hungry.
You were a lich.
You visited 17 branches of the dungeon, and saw 89 of its levels.
You visited Pandemonium 1 time, and saw 15 of its levels.
You visited the Abyss 3 times.
You visited 1 bazaar.
You completed 1 ziggurat, and saw 27 of its levels.
You also visited: Bailey and Desolation.

You collected 16212 gold pieces.
You spent 4031 gold pieces at shops.

Inventory:

Hand Weapons
 a - the +18 lance "Wyrmbane" (weapon) {slay drac, rPois rF+ rC+ AC+3}
   (You took it off a deep elf sorcerer on level 3 of the Elven Halls)

   It affects your AC (+3).
   It protects you from fire.
   It protects you from cold.
   It protects you from poison.
 v - the +7 sceptre of Asmodeus
   (You took it off Asmodeus on level 7 of Gehenna)
Armour
 c - the +3 hat of Pondering (worn) {ponderous, MR+ MP+10 Int+5}
   (You acquired it on level 8 of the Dungeon)

   It affects your intelligence (+5).
   It affects your resistance to hostile enchantments.
   It affects your magic capacity (+10).
 d - the +2 pair of gloves "Aparih" (worn) {rF+}
   (You acquired it on level 1 of the Realm of Zot)

   It protects you from fire.
 B - the +9 ring mail "Rain" (worn) {+Fly rF++ Str-5}
   (You found it on level 2 of the Vaults)

   It affects your strength (-5).
   It greatly protects you from fire.
   It lets you fly.
 Q - the +2 shield of Resistance (worn) {rF+ rC+ MR+}
   (You found it on level 5 of the Pits of Slime)

   It protects you from fire.
   It protects you from cold.
   It affects your resistance to hostile enchantments.
 S - the +2 cloak of the Thief (worn) {+Fog Slay-2 SInv Stlth+}
   (You acquired it on level 1 of the Realm of Zot)

   It affects your accuracy and damage with ranged weapons and melee attacks
   (-2).
   It lets you see invisible.
   It makes you more stealthy.
Jewellery
 i - the ring "Kuadaxku" (left hand) {rCorr *Drain +Blink MR+ Str+7}
   (You found it on level 19 of a ziggurat)

   [ring of resist corrosion]

   It affects your strength (+7).
   It affects your resistance to hostile enchantments.
   It lets you blink.
   It causes draining when unequipped.
 o - the amulet of the Peasants (around neck) {rPois MR+ Regen+}
   (You bought it in a shop on level 3 of the Elven Halls)

   [amulet of regeneration]

   It protects you from poison.
   It affects your resistance to hostile enchantments.
   It increases your rate of regeneration.
 p - the ring "Qizuf" {*Contam rPois rC+ AC+4 Slay+6}
   (You found it on level 26 of a ziggurat)

   [ring of protection]

   It affects your AC (+4).
   It affects your accuracy and damage with ranged weapons and melee attacks
   (+6).
   It protects you from cold.
   It protects you from poison.
   It causes magical contamination when unequipped.
 q - the amulet "Iley" {rF+ rC+ Regen+ Str+4}
   (You found it on level 25 of a ziggurat)

   [amulet of regeneration]

   It affects your strength (+4).
   It protects you from fire.
   It protects you from cold.
   It increases your rate of regeneration.
 H - the ring "Xyilean" (right hand) {Wiz rF- rC+ rN+++ Str-3}
   (You found it on level 6 of the Lair of Beasts)

   [ring of wizardry]

   It improves your spell success rate.
   It affects your strength (-3).
   It makes you vulnerable to fire.
   It protects you from cold.
   It renders you almost immune to negative energy.
 M - the amulet of Conformity {rElec Regen+}
   (You found it on level 9 of a ziggurat)

   [amulet of regeneration]

   It insulates you from electricity.
   It increases your rate of regeneration.
Wands
 A - a wand of acid (58)
 G - a wand of digging (33)
 N - a wand of iceblast (98)
 X - a wand of scattershot (17)
 Z - a wand of clouds (17)
Scrolls
 g - 9 scrolls of magic mapping
 h - 53 scrolls of remove curse
 k - 30 scrolls of enchant weapon
 m - 19 scrolls of teleportation
 t - 7 scrolls of enchant armour
 x - 6 scrolls of amnesia
 y - 2 scrolls of acquirement
 C - 7 scrolls of silence
 F - 14 scrolls of identify
 K - a scroll of brand weapon
 L - 9 scrolls of fog
 P - 9 scrolls of holy word
 T - 5 scrolls of fear
Potions
 e - 4 potions of might
 l - 19 potions of curing
 r - 9 potions of lignification
 s - 5 potions of heal wounds
 D - 3 potions of haste
 E - 9 potions of cancellation
 J - a potion of agility
 U - 6 potions of brilliance
 V - 2 potions of resistance
 W - 8 potions of mutation
Books
 b - a manual of Staves
 z - a manual of Hexes
Miscellaneous
 j - a lamp of fire
 n - a phial of floods
 u - 5 sacks of spiders
 w - a +1 figurine of a ziggurat
 O - 3 boxes of beasts
 R - 10 phantom mirrors
Comestibles
 f - 21 rations


   Skills:
 + Level 24.5 Fighting
 - Level 11.6(12.0) Polearms
 - Level 5.0(9.1) Staves
 - Level 21.4 Armour
 - Level 20.3 Dodging
 - Level 9.0 Stealth
 - Level 15.0 Shields
 O Level 27 Spellcasting
 - Level 21.8 Conjurations
 - Level 24.0 Summonings
 - Level 20.6 Necromancy
 - Level 13.8 Transmutations
 - Level 23.2 Fire Magic
   Level 10.6 Invocations
 + Level 17.9 Evocations


You had one spell level left.
You knew the following spells:

 Your Spells              Type           Power        Failure   Level  Hunger
a - Summon Horrible Thin  Summ           ########..   1%          8    N/A
b - Necromutation         Tmut/Necr      ########..   1%          8    N/A
c - Fire Storm            Conj/Fire      ########..   1%          9    N/A
d - Ignition              Fire           ########..   1%          8    N/A
e - Sublimation of Blood  Necr           ########..   0%          2    N/A
f - Bolt of Fire          Conj/Fire      ########..   0%          6    N/A
g - Blink                 Tloc           N/A          1%          2    N/A
i - Summon Butterflies    Summ           ########     0%          1    N/A
j - Infestation           Necr           ########..   1%          8    N/A
k - Spellforged Servitor  Conj/Summ      ########..   1%          7    N/A
l - Dragon's Call         Summ           ########..   1%          9    N/A
m - Apportation           Tloc           #####.       1%          1    N/A
n - Regeneration          Chrm/Necr      ########..   1%          3    N/A
o - Orb of Destruction    Conj           ########..   1%          7    N/A

Your spell library contained the following spells:

 Spells                   Type           Power        Failure   Level  Hunger
 Cause Fear               Hex            #####.....   3%          4    N/A
 Magic Dart               Conj           ####         0%          1    N/A
 Fireball                 Conj/Fire      ########..   0%          5    N/A
 Conjure Flame            Conj/Fire      ########     0%          3    N/A
 Bolt of Cold             Conj/Ice       #######...   1%          6    N/A
 Lightning Bolt           Conj/Air       #######...   1%          5    N/A
 Bolt of Magma            Conj/Fire/Erth #######...   1%          5    N/A
 Slow                     Hex            #####...     1%          2    N/A
 Confuse                  Hex            #####...     1%          3    N/A
 Invisibility             Hex            #####...     45%         6    N/A
 Throw Flame              Conj/Fire      ######       0%          2    N/A
 Throw Frost              Conj/Ice       ######       0%          2    N/A
 Controlled Blink         Tloc           N/A          100%        8    N/A
 Freezing Cloud           Conj/Ice/Air   ######....   1%          6    N/A
 Mephitic Cloud           Conj/Pois/Air  ######..     1%          3    N/A
 Ring of Flames           Chrm/Fire      #######...   2%          7    N/A
 Venom Bolt               Conj/Pois      #######...   1%          5    N/A
 Olgreb's Toxic Radiance  Pois           #####...     1%          4    N/A
 Teleport Other           Tloc           #####...     1%          3    N/A
 Death's Door             Chrm/Necr      ########..   32%         8    N/A
 Summon Small Mammal      Summ           ####         0%          1    N/A
 Bolt of Draining         Conj/Necr      ########..   0%          5    N/A
 Lehudib's Crystal Spear  Conj/Erth      #######...   8%          8    N/A
 Iskenderun's Mystic Bla  Conj           ########     0%          4    N/A
 Animate Dead             Necr           N/A          0%          4    N/A
 Pain                     Necr           ####         0%          1    N/A
 Animate Skeleton         Necr           N/A          0%          1    N/A
 Vampiric Draining        Necr           ########..   0%          3    N/A
 Haunt                    Necr/Summ      ########..   1%          7    N/A
 Borgnjor's Revivificati  Necr           ########..   1%          8    N/A
 Freeze                   Ice            ####         1%          1    N/A
 Ozocubu's Refrigeration  Ice            #####.....   14%         6    N/A
 Sticky Flame             Conj/Fire      ########     0%          4    N/A
 Summon Ice Beast         Ice/Summ       #######.     1%          4    N/A
 Ozocubu's Armour         Chrm/Ice       #####...     1%          3    N/A
 Call Imp                 Summ           ########     0%          2    N/A
 Dispel Undead            Necr           ########     0%          5    N/A
 Poison Arrow             Conj/Pois      #######...   1%          6    N/A
 Sting                    Conj/Pois      ####         0%          1    N/A
 Tukima's Dance           Hex            #####...     1%          3    N/A
 Summon Demon             Summ           ########..   0%          5    N/A
 Summon Greater Demon     Summ           ########..   1%          7    N/A
 Corpse Rot               Necr           N/A          0%          2    N/A
 Iron Shot                Conj/Erth      #######...   1%          6    N/A
 Stone Arrow              Conj/Erth      ######       1%          3    N/A
 Shock                    Conj/Air       ####         0%          1    N/A
 Swiftness                Chrm/Air       #####...     1%          2    N/A
 Recall                   Summ/Tloc      N/A          0%          3    N/A
 Agony                    Necr           ########     0%          5    N/A
 Spider Form              Tmut/Pois      ######....   1%          3    N/A
 Blade Hands              Tmut           #######...   1%          5    N/A
 Statue Form              Tmut/Erth      ######...    3%          6    N/A
 Ice Form                 Ice/Tmut       ######..     1%          4    N/A
 Dragon Form              Tmut           #######...   1%          7    N/A
 Death Channel            Necr           ########..   1%          6    N/A
 Deflect Missiles         Chrm/Air       #####.....   45%         6    N/A
 Throw Icicle             Conj/Ice       #######.     1%          4    N/A
 Glaciate                 Conj/Ice       #######...   63%         9    N/A
 Airstrike                Air            #####.....   1%          4    N/A
 Shadow Creatures         Summ           N/A          0%          6    N/A
 Confusing Touch          Hex            #####.       1%          1    N/A
 Flame Tongue             Conj/Fire      #####        0%          1    N/A
 Passwall                 Tmut/Erth      ######....   1%          2    N/A
 Ignite Poison            Fire/Tmut/Pois #######.     0%          3    N/A
 Sticks to Snakes         Tmut           #######.     0%          2    N/A
 Call Canine Familiar     Summ           ########     0%          3    N/A
 Ensorcelled Hibernation  Hex/Ice        #####.       1%          2    N/A
 Metabolic Englaciation   Hex/Ice        #####.....   10%         5    N/A
 Silence                  Hex/Air        #####.....   10%         5    N/A
 Shatter                  Erth           #####.....   100%        9    N/A
 Dispersal                Tloc           #####.....   45%         6    N/A
 Static Discharge         Conj/Air       #######.     1%          3    N/A
 Corona                   Hex            #####..      1%          1    N/A
 Alistair's Intoxication  Tmut/Pois      ######..     1%          5    N/A
 Lee's Rapid Deconstruct  Erth           #####.....   3%          5    N/A
 Sandblast                Erth           #####.       1%          1    N/A
 Simulacrum               Ice/Necr       ########..   1%          6    N/A
 Conjure Ball Lightning   Conj/Air       #######...   1%          6    N/A
 Chain Lightning          Conj/Air       #######...   8%          8    N/A
 Excruciating Wounds      Chrm/Necr      ########..   1%          5    N/A
 Portal Projectile        Hex/Tloc       #####.       1%          3    N/A
 Monstrous Menagerie      Summ           ########..   1%          7    N/A
 Petrify                  Tmut/Erth      ######..     1%          4    N/A
 Passage of Golubria      Tloc           N/A          3%          4    N/A
 Malign Gateway           Summ/Tloc      #######...   2%          7    N/A
 Tornado                  Air            #####.....   100%        9    N/A
 Leda's Liquefaction      Hex/Erth       #####.....   3%          4    N/A
 Summon Hydra             Summ           ########..   1%          7    N/A
 Darkness                 Hex            #####.....   45%         6    N/A
 Shroud of Golubria       Chrm/Tloc      #####.....   1%          2    N/A
 Inner Flame              Hex/Fire       #######.     0%          3    N/A
 Aura of Abjuration       Summ           ########..   0%          5    N/A
 Beastly Appendage        Tmut           ######       0%          1    N/A
 Disjunction              Tloc           #####.....   100%        8    N/A
 Iskenderun's Battlesphe  Conj/Chrm      #######.     1%          5    N/A
 Fulminant Prism          Conj/Hex       #######...   1%          4    N/A
 Dazzling Spray           Conj/Hex       ######       1%          3    N/A
 Force Lance              Conj/Tloc      #######.     1%          4    N/A
 Infusion                 Chrm           ####         1%          1    N/A
 Song of Slaying          Chrm           #####...     1%          2    N/A
 Spectral Weapon          Hex/Chrm       #####...     1%          3    N/A
 Searing Ray              Conj           ######       0%          2    N/A
 Discord                  Hex            #####.....   100%        8    N/A
 Summon Forest            Summ/Tloc      #######...   1%          5    N/A
 Summon Lightning Spire   Summ/Air       #######.     1%          4    N/A
 Summon Guardian Golem    Hex/Summ       #######.     0%          3    N/A
 Summon Mana Viper        Hex/Summ       #######.     1%          5    N/A
 Hydra Form               Tmut           #######...   1%          6    N/A
 Irradiate                Conj/Tmut      ########..   0%          5    N/A
 Gell's Gravitas          Tloc           #####.....   1%          3    N/A
 Yara's Violent Unravell  Hex/Tmut       ######....   1%          5    N/A
 Lesser Beckoning         Tloc           #####.....   1%          3    N/A
 Poisonous Vapours        Pois/Air       #####.       1%          2    N/A
 Borgnjor's Vile Clutch   Necr/Erth      ########..   1%          5    N/A

Dungeon Overview and Level Annotations

Branches:
Dungeon (15/15)            Temple (0/1) D:4            Lair (6/6) D:11
 Shoals (4/4) Lair:3       Spider (4/4) Lair:4        Slime (5/5) Lair:5
    Orc (2/2) D:10            Elf (3/3) Orc:2        Vaults (5/5) D:14
  Crypt (3/3) Vaults:3       Tomb (3/3) Crypt:3      Depths (5/5) D:15
   Hell (1/1)                 Dis (7/7) Hell            Geh (7/7) Hell
    Coc (7/7) Hell            Tar (7/7) Hell            Zot (5/5) Depths:5

Altars:
Dithmenos
Fedhas
Hepliaklqana
Kikubaaqudgha
Nemelex Xobeh
Okawaru
Ru
Sif Muna
Uskayaw
Vehumet
Wu Jian
Yredelemnul
Jiyva

Shops:
D:8 ?   D:9 *   D:11 =   D:15 [   Orc:2 ?:(*[   Elf:3 *}==   Shoals:2 [**
Vaults:1 *   Vaults:3 [   Depths:4 ?

Portals:
Hell: Depths:1 Depths:2 Depths:3 Depths:4 Depths:5
Abyss: Depths:2 Depths:4
Pandemonium: Depths:3 Depths:4

Annotations:
D:7 Joseph
Elf:2 1 runed door


Innate Abilities, Weirdness & Mutations

You have a beak for a mouth.
You have claws for feet.
You can fly continuously.
You have a pair of antennae on your head.
You are somewhat resistant to further mutation.
Your system is resistant to poisons. (rPois)
You sometimes yell uncontrollably at your foes.
You are resistant to electric shocks. (rElec)


Message History

Unknown command.
Unknown command.
Unknown command.
Your death scarab closely misses the orb of fire.
Your death scarab bites the tentacled monstrosity but does no damage.
Your death scarab bites the tentacled monstrosity!!
The orb of fire glows deep purple.
Strange energies course through your body.
You feel odd for a moment.
The orb of fire glows deep purple.
Strange energies course through your body.
You feel odd for a moment.
Your death scarab completely misses the orb of fire.
Your death scarab bites the tentacled monstrosity!
Your death scarab drains the tentacled monstrosity's vigour!
The tentacled monstrosity seems to slow down.
The Orb Guardian barely misses your iron dragon.
The orb of fire glows deep purple.
The fireball explodes!
The fireball engulfs you! You resist.
You die...

################
##........*§....#
##.......^§X§*....
##........§§X§§....
#......**§§.§§.....
#.......*X..§......
#.......D..§..*....
#...*..............
#.L.*.Xs...........
#...X(s^...........
##...§.s...........
##...........,,,,,
##...*......,,,,,
▓▓.....##▓▓*****
**.....q..,,,,,,,
**,.....X..,,,,,,,
**,,,,,,,,,,,,,,,,,


You could see 6 orbs of fire, 2 tentacled monstrosities, a red draconian monk, 2
Orb Guardians, a friendly iron dragon and 3 friendly death scarabs.

Vanquished Creatures
  Lom Lobon (Pan)
  9 pandemonium lords (Zig:27)
  An orb of fire (Zot:1)
  Mennas (Crypt:2)
  A juggernaut (Zig:22)
  7 ancient liches
  20 greater mummies
  Boris (Depths:3)
  5 shard shrikes
  Bai Suzhen (Vaults:3)
  2 caustic shrikes
  5 Killer Klowns (Zig:27)
  2 curse toes
  9 golden dragons
  10 pearl dragons (Zig:26)
  6 bone dragons
  Arachne (Spider:4)
  6 Tzitzimimeh
  2 profane servitors (Zig:14)
  3 doom hounds
  A Brimstone Fiend (Geh:7)
  3 hellephants
  An electric golem (Zot:1)
  An iron giant (Dis:7)
  A Hell Sentinel (Pan)
  6 Orb Guardians (Zot:5)
  4 Ice Fiends
  15 tentacled monstrosities
  3 titans
  Asterion (Spider:2)
  3 deep elf blademasters (Elf:3)
  2 deep elf master archers (Elf:3)
  15 liches
  8 acid blobs
  3 quicksilver dragons
  Polyphemus (Shoals:3)
  10 Executioners
  A kraken (Shoals:2)
  12 tentacled starspawn
  4 death cobs
  14 ancient champions
  4 sphinxes
  6 storm dragons
  5 azure jellies
  3 daevas
  Donald (Shoals:3)
  4 tengu reavers
  Ilsuiw (Shoals:4)
  4 revenants
  13 draconian monks
  2 azure jellies (shapeshifter) (Zig:27)
  Roxanne (Elf:1)
  13 nagarajas
  11 fire giants
  6 shadow dragons
  8 draconian knights
  12 vault wardens
  A fire giant (shapeshifter) (Zig:27)
  6 deep elf sorcerers
  7 frost giants
  2 iron dragons
  5 draconian scorchers
  3 warmongers
  12 balrugs
  7 emperor scorpions
  5 orc warlords
  8 draconian stormcallers
  5 curse skulls
  3 cacodemons
  3 deep elf elementalists
  A ghost moth (shapeshifter) (Vaults:5)
  21 ghost moths
  4 ghouls
  5 draconian shifters
  4 caustic shrike skeletons (Crypt:3)
  8 draconian annihilators
  9 reapers
  14 ironheart preservers
  14 ophanim (Zig:26)
  13 very ugly things
  21 stone giants
  3 bennus
  10 angels (Zig:26)
  An entropy weaver (shapeshifter) (Zig:27)
  2 war gargoyles
  A blood saint (Pan)
  12 apis (Zig:26)
  6 corrupters
  10 black draconians
  12 entropy weavers
  25 starcursed masses
  4 white draconians
  A black sun (Pan)
  7 lorocyprocas
  Nessos (Orc:2)
  7 deep elf demonologists
  10 green draconians
  11 vampire knights
  9 yellow draconians
  6 deep elf annihilators
  9 purple draconians
  7 dire elephants
  5 red draconians
  5 spark wasps
  7 deep elf death magi
  9 eidola
  9 ettins
  11 green deaths
  6 merfolk javelineers
  12 blizzard demons
  5 merfolk impalers
  4 deep elf high priests
  10 jiangshi
  10 fire dragons
  2 quicksilver dragon zombies
  8 mummy priests
  6 great orbs of eyes
  7 death oozes
  23 ice dragons
  9 vault guards
  A monstrous demonspawn (Pan)
  8 rakshasas
  2 peacekeepers
  14 yaktaur captains
  21 hydras
  9 ogre magi
  5 quicksilver dragon skeletons
  2 naga warriors (Zig:17)
  2 hell beasts
  3 anacondas
  2 catoblepae
  A servant of whispers (Desolation)
  2 ghost crabs
  5 merfolk aquamancers (Shoals:4)
  5 centaur warriors
  An alligator snapping turtle (Shoals:4)
  3 death knights
  4 satyrs
  4 merfolk avatars
  A juggernaut simulacrum (Zig:16)
  10 deep troll shamans
  A spriggan air mage (Depths:2)
  7 death yaks
  20 dancing weapons
  3 hell hogs
  35 two-headed ogres
  A tengu warrior (Depths:2)
  A queen ant (Spider:3)
  3 death scarabs (Tomb:1)
  10 orc high priests
  A shock serpent (Zig:17)
  8 deep troll earth magi
  3 naga sharpshooters
  The ghost of Patate the Thrower, a novice TrHu of Trog (D:7)
  2 titan zombies
  15 deep elf knights
  7 vampire magi
  8 thrashing horrors
  2 spriggan berserkers (Depths:4)
  8 wretched stars
  6 titan skeletons
  18 sun demons
  An iron golem (Dis:7)
  16 soul eaters
  5 iron trolls
  An iron troll (shapeshifter) (Zig:27)
  14 shadow wraiths
  A spatial maelstrom (Abyss:4)
  A fire crab (shapeshifter) (Vaults:4)
  An anaconda zombie (Coc:2)
  6 storm dragon skeletons
  2 storm dragon zombies
  8 sixfirhies
  7 death drakes
  4 golden dragon zombies
  21 flayed ghosts
  4 hell knights
  57 skeletal warriors
  A spriggan druid (Zig:21)
  10 sea snakes
  8 shadow demons
  28 deep trolls
  3 golden dragon skeletons
  5 glowing orange brains
  6 unseen horrors
  3 swamp dragons (Zig:19)
  A gelid demonspawn (Pan)
  14 ironbrand convokers
  A cherub (Zig:26)
  2 infernal demonspawn (Pan)
  2 shadow dragon zombies
  15 phantasmal warriors
  An orange crystal statue (Zig:11)
  Pikel (D:8)
  An iron giant skeleton (Crypt:2)
  A kraken simulacrum (Hell)
  12 deep elf archers
  A naga ritualist (Zig:17)
  11 necromancers
  4 anaconda skeletons
  2 shambling mangroves (Zig:19)
  7 harpies
  10 wizards
  8 orc sorcerers
  5 iron dragon zombies
  49 deep elf magi
  A wolf spider zombie (Tar:1)
  4 frost giant zombies
  13 orc knights
  26 orb spiders
  A cyclops (shapeshifter) (Zig:27)
  2 mana vipers
  32 ugly things
  34 wolf spiders
  6 oklob plants
  2 stone giant zombies
  A sphinx skeleton (Vaults:4)
  A faun (shapeshifter) (Zig:27)
  5 worldbinders
  2 fire giant zombies
  17 manticores
  31 moths of wrath
  2 shadow dragon skeletons
  5 cyclopes
  A black mamba (shapeshifter) (Vaults:3)
  21 fauns
  4 iron dragon skeletons
  A stone giant skeleton (Pan)
  4 fire giant skeletons
  2 guardian serpents
  14 black mambas
  3 centaur zombies
  A titan simulacrum (Abyss:1)
  6 vault sentinels
  4 naga magi (Zig:17)
  8 water nymphs
  6 merfolk sirens
  4 elephants (Lair:6)
  9 torpor snails
  A dire elephant zombie (Dis:7)
  2 moths of wrath (shapeshifter)
  The ghost of Thaneod the Chopper, a novice VSFi (D:4)
  12 orange demons
  An ice statue (Depths:5)
  14 rust devils
  A water nymph (shapeshifter) (Vaults:5)
  An eye of devastation (Slime:2)
  5 frost giant skeletons
  3 gargoyles
  4 apocalypse crabs (Zig:27)
  3 molten gargoyles
  A storm dragon simulacrum (Abyss:4)
  20 smoke demons
  21 spiny frogs
  8 efreet
  9 hellions
  8 ice devils
  3 kobold demonologists (D:12)
  A spiny frog (shapeshifter) (Zig:27)
  22 demonic crawlers
  8 komodo dragons
  8 rime drakes
  A spark wasp simulacrum (Depths:4)
  40 yaktaurs
  A purple draconian zombie (Crypt:3)
  5 dire elephant skeletons
  A komodo dragon (shapeshifter) (Elf:2)
  A catoblepas zombie (Geh:4)
  A rime drake (shapeshifter) (Vaults:3)
  9 tormentors
  21 guardian mummies
  A pale draconian skeleton (Crypt:1)
  A catoblepas skeleton (Pan)
  14 freezing wraiths
  2 tengu conjurers
  8 hellwings
  14 ancient zymes
  2 merfolk (shapeshifter)
  3 hydra zombies
  A jumping spider (shapeshifter) (Depths:4)
  A meliai (shapeshifter) (Abyss:4)
  A polar bear (Zig:21)
  14 red devils
  25 merfolk
  A queen bee (shapeshifter) (D:15)
  16 hornets
  3 meliai (Spider:3)
  A troll (shapeshifter) (D:14)
  A wind drake (shapeshifter) (Zig:25)
  4 hydra skeletons
  33 jumping spiders
  37 slime creatures
  A shadow dragon simulacrum (Zig:25)
  A queen bee (Spider:3)
  9 trolls
  Grinder (D:4)
  8 saltlings
  12 raiju
  A harpy skeleton (Geh:6)
  A sphinx simulacrum (Zig:16)
  6 wind drakes
  23 blink frogs
  9 dream sheep
  A tengu simulacrum (Vaults:2)
  3 ettin zombies
  7 bog bodies
  2 fire dragon zombies
  7 snapping turtles
  A blink frog (shapeshifter) (Depths:4)
  5 alligator zombies
  34 flying skulls
  2 ice dragon zombies
  11 hippogriffs
  4 air elementals (Elf:2)
  4 spriggans
  An ushabti (Tomb:3)
  4 ettin skeletons
  5 ice dragon skeletons
  21 shadows
  A tarantella (shapeshifter) (D:14)
  33 tarantellas
  3 vampires
  10 fire elementals
  A black mamba zombie (Dis:7)
  A black mamba skeleton (Geh:7)
  58 redbacks
  2 alligator skeletons
  4 wyverns
  23 ynoxinuls
  6 fire dragon skeletons
  13 wraiths
  11 water elementals
  35 yaks
  Eustachio (D:6)
  A hog (shapeshifter) (Elf:1)
  A golden eye (shapeshifter) (Vaults:1)
  8 basilisks
  2 basilisks (shapeshifter)
  7 hungry ghosts
  2 fire bats
  17 neqoxecs
  42 large abominations
  16 chaos spawn
  A warg (shapeshifter) (Vaults:4)
  6 vampire mosquitoes
  A yaktaur simulacrum (Vaults:3)
  23 small abominations
  12 wargs
  7 acid dragons
  3 spiny frog zombies
  2 insubstantial wisps
  15 soldier ants (Spider:3)
  5 spatial vortices
  6 porcupines
  A water moccasin (shapeshifter) (D:14)
  15 water moccasins
  A floating eye (Depths:3)
  16 hell hounds
  9 ice beasts
  3 swamp drakes (Zig:19)
  A sky beast (shapeshifter) (Depths:3)
  3 spiny frog skeletons
  3 black bears
  A hornet zombie (D:14)
  60 orc warriors
  A manticore zombie (Crypt:1)
  5 eyes of draining
  3 slaves (D:8)
  4 phantoms
  4 sky beasts
  A snapping turtle zombie (Coc:6)
  A swamp dragon zombie (Coc:7)
  2 ettin simulacra
  23 necrophages
  39 ogres
  70 wolves
  11 boggarts
  A torpor snail zombie (Crypt:3)
  A centaur (shapeshifter) (Depths:3)
  A manticore skeleton (Geh:1)
  17 crocodiles
  13 centaurs
  4 snapping turtle skeletons
  2 swamp dragon skeletons
  3 big kobolds
  A hog skeleton (Crypt:1)
  13 bullfrogs
  2 earth elementals
  3 elf skeletons
  A wyvern zombie (D:7)
  3 gnoll sergeants
  A draconian skeleton (Crypt:3)
  A bullfrog (shapeshifter) (Elf:2)
  2 scorpions
  A scorpion (shapeshifter) (Depths:2)
  A human simulacrum (Vaults:4)
  27 killer bees
  58 wights
  4 howler monkeys
  2 spriggan skeletons
  2 electric eels
  8 crimson imps
  A bullfrog zombie (D:5)
  3 hounds
  3 quasits (Abyss:1)
  6 jellies
  14 orc wizards
  A soldier ant zombie (Crypt:2)
  16 orc priests
  Crazy Yiuf (D:6)
  3 bullfrog skeletons
  6 iron imps
  2 centaur skeletons
  A human skeleton (Tar:5)
  20 worker ants
  An iguana (D:8)
  A hell rat (Zig:21)
  A lightning spire (Zig:25)
  A felid zombie (Crypt:2)
  A naga zombie (Geh:2)
  An ogre skeleton (Crypt:3)
  2 tengu zombies
  An acid dragon skeleton (Crypt:2)
  A hound zombie (D:9)
  3 tengu skeletons
  A crocodile skeleton (Crypt:1)
  4 hound skeletons
  A howler monkey zombie (D:9)
  21 mummies
  A worker ant zombie (D:8)
  14 adders
  20 gnolls
  A steam dragon zombie (Crypt:2)
  5 shadow imps
  7 white imps
  2 ufetubi (Abyss:1)
  An adder skeleton (D:8)
  5 worms
  3 dart slugs
  6 leopard geckos
  112 orcs
  2 ball pythons
  8 bats
  3 giant cockroaches
  21 goblins
  13 hobgoblins
  12 jackals
  A kobold (shapeshifter) (Depths:3)
  29 kobolds
  3 quokkas
  4 frilled lizards
  A gnoll skeleton (Crypt:2)
  A goblin zombie (Crypt:2)
  A hobgoblin skeleton (Crypt:3)
  A jackal skeleton (D:4)
  An orc skeleton (Coc:2)
  An orc zombie (Dis:5)
  21 rats
  A butterfly (D:4)
  2 fire vortices
  6 fungi
  3 lurking horrors
  22 plants
  5 starspawn tentacles
3566 creatures vanquished.

Vanquished Creatures (collateral kills)
  Cerebov (Pan)
  Antaeus (Coc:7)
  Asmodeus (Geh:7)
  the Royal Jelly (Slime:5)
  Gloorx Vloq (Pan)
  the Serpent of Hell (Dis:7)
  Ereshkigal (Tar:7)
  Dispater (Dis:7)
  Mnoleg (Pan)
  5 ancient liches
  Khufu (Tomb:1)
  5 orbs of fire
  5 juggernauts (Zig:22)
  12 greater mummies
  9 shard shrikes
  8 pandemonium lords
  3 Killer Klowns
  A curse toe (Zot:4)
  5 caustic shrikes
  Nikola (Elf:2)
  5 golden dragons
  Geryon (Hell)
  17 bone dragons
  A profane servitor (Zig:25)
  19 Tzitzimimeh
  2 electric golems
  2 iron giants (Dis:7)
  4 pearl dragons (Zig:26)
  A doom hound (Hell)
  5 hellephants
  19 Brimstone Fiends
  14 liches
  4 Orb Guardians (Zot:5)
  15 tentacled monstrosities
  2 Hell Sentinels (Dis:7)
  14 Ice Fiends
  6 titans
  A deep elf blademaster (Elf:2)
  7 quicksilver dragons
  15 acid blobs
  A deep elf master archer (Elf:3)
  9 Executioners
  8 sphinxes
  8 ancient champions
  4 death cobs
  An eldritch tentacle (Pan)
  17 tentacled starspawn
  13 draconian monks
  2 revenants
  4 tengu reavers
  9 shadow dragons
  9 storm dragons
  4 iron dragons
  7 azure jellies
  A fire giant (shapeshifter) (Vaults:5)
  4 nagarajas (Zig:17)
  7 frost giants
  14 cacodemons
  9 fire giants
  9 deep elf sorcerers
  3 emperor scorpions
  5 ghost moths
  7 orc warlords
  10 draconian knights
  36 balrugs
  3 vault wardens (Vaults:5)
  10 draconian scorchers
  A caustic shrike zombie (Zig:10)
  40 reapers
  3 deep elf elementalists (Elf:3)
  6 warmongers
  Aizul (Elf:1)
  3 draconian shifters
  7 draconian annihilators
  4 angels
  29 stone giants
  8 war gargoyles
  8 draconian stormcallers
  4 entropy weavers
  3 ophanim
  An elemental wellspring (Coc:7)
  An ironheart preserver (Vaults:5)
  16 very ugly things
  3 blood saints (Pan)
  21 bennus
  8 black suns
  2 apis
  6 corrupters
  2 vampire knights
  5 yellow draconians
  15 black draconians
  4 deep elf demonologists
  8 dire elephants
  5 deep elf annihilators
  8 lorocyprocas
  10 red draconians
  2 spark wasps
  11 purple draconians
  16 white draconians
  7 green draconians
  2 eidola
  18 blizzard demons
  2 jiangshi (Crypt:1)
  7 death oozes
  3 deep elf death magi
  12 mummy priests
  11 green deaths
  2 fire dragons
  5 deep elf high priests
  11 ettins
  6 yaktaur captains
  6 hydras
  5 great orbs of eyes
  2 quicksilver dragon zombies
  18 vault guards
  3 monstrous demonspawn (Pan)
  A quicksilver dragon skeleton (Coc:6)
  11 rakshasas
  A spriggan air mage (Depths:4)
  A hell beast (Zig:20)
  A ghost crab (Tar:2)
  18 ice dragons
  2 naga warriors (Zig:17)
  3 alligators (Zig:19)
  A centaur warrior (Depths:2)
  15 dancing weapons
  A satyr (Depths:3)
  A tengu warrior (Depths:3)
  6 ogre magi
  17 two-headed ogres
  3 deep troll shamans
  16 hell hogs
  13 death scarabs
  2 vampire magi
  4 spriggan berserkers
  5 deep troll earth magi
  An orc high priest (Zig:22)
  43 sun demons
  16 thrashing horrors
  7 titan zombies
  A naga sharpshooter (Zig:17)
  22 soul eaters
  5 titan skeletons
  20 wretched stars
  5 deep elf knights
  2 iron golems
  3 death drakes
  11 hell knights
  7 spatial maelstroms
  49 skeletal warriors
  8 shadow wraiths
  A ghost moth zombie (Dis:2)
  4 torturous demonspawn (Pan)
  28 sixfirhies
  2 cherubim (Zig:26)
  2 gelid demonspawn (Pan)
  9 iron trolls
  2 wizards (Pan)
  4 anaconda zombies
  3 quicksilver dragon simulacra
  An unseen horror (Tar:7)
  6 glowing orange brains
  4 infernal demonspawn (Pan)
  4 flayed ghosts
  10 deep trolls
  6 shadow demons
  7 golden dragon zombies
  A glowing orange brain (shapeshifter) (Depths:2)
  6 shadow dragon zombies
  2 tengu zombies
  4 golden dragon skeletons
  4 phantasmal warriors
  2 deep elf archers
  2 sphinx zombies
  6 ironbrand convokers (Vaults:5)
  5 necromancers
  3 wolf spider zombies
  A wolf spider (Zig:23)
  An orb spider (Zig:8)
  5 iron dragon zombies
  2 anaconda skeletons
  20 deep elf magi
  5 orc knights
  2 oklob plants (Zig:6)
  2 orc sorcerers
  A tengu skeleton (Vaults:5)
  3 stone giant zombies
  4 shadow dragon skeletons
  A manticore (shapeshifter) (Abyss:4)
  8 ugly things
  3 fire giant zombies
  3 shining eyes
  A salamander (Zig:17)
  2 iron dragon skeletons
  A black mamba (Zig:21)
  5 frost giant zombies
  11 moths of wrath
  38 large abominations
  5 stone giant skeletons
  3 dire elephant zombies
  4 worldbinders
  A shock serpent zombie (Coc:4)
  2 elephants (Zig:13)
  An ice statue (Coc:7)
  3 apocalypse crabs
  A draconian (Abyss:4)
  A guardian serpent (Abyss:1)
  3 molten gargoyles
  3 fire giant skeletons
  A naga mage (Abyss:4)
  A titan simulacrum (Coc:7)
  27 orange demons
  3 frost giant skeletons
  20 rust devils
  A yellow draconian zombie (Geh:7)
  2 human zombies
  2 spiny frogs
  18 hellions
  2 eyes of devastation
  39 smoke demons
  An emperor scorpion zombie (Tar:4)
  A torpor snail (Zig:8)
  2 rime drakes
  A yaktaur zombie (Zig:3)
  17 tormentors
  10 demonic crawlers
  5 tengu conjurers
  23 ice devils
  9 efreet
  A yaktaur skeleton (Vaults:5)
  21 freezing wraiths
  6 yaktaurs
  2 harpy zombies
  33 red devils
  16 hellwings (Pan)
  8 hydra zombies
  6 ancient zymes
  3 jumping spiders
  21 guardian mummies
  2 tengu simulacra (Vaults:5)
  2 silent spectres
  A polar bear (shapeshifter) (Depths:4)
  4 ice dragon zombies
  21 raiju
  5 hydra skeletons
  An ettin zombie (Coc:2)
  A slime creature (shapeshifter) (Vaults:5)
  2 hornets (Depths:2)
  A frost giant simulacrum (Coc:7)
  2 alligator zombies
  61 slime creatures
  5 bog bodies
  2 fire dragon zombies
  26 flying skulls
  3 ettin skeletons
  4 redbacks
  2 ice dragon skeletons
  6 shadows
  2 tarantellas
  A yak (Zig:21)
  12 ushabtiu
  2 alligator skeletons (Geh:6)
  A fire bat (Geh:2)
  A human (shapeshifter) (Abyss:4)
  17 wraiths
  25 ynoxinuls
  13 chaos spawn
  9 fire elementals
  4 fire dragon skeletons
  A basilisk (Zig:13)
  10 water elementals
  A black mamba skeleton (Dis:4)
  4 golden eyes
  A hungry ghost (Abyss:4)
  A vampire mosquito (Zig:19)
  31 neqoxecs
  A warg (Vaults:5)
  A harpy simulacrum (Tomb:2)
  2 nagas (Abyss:4)
  7 spatial vortices
  46 hell hounds
  4 spiny frog zombies
  2 insubstantial wisps (Zig:19)
  3 hydra simulacra
  A two-headed ogre zombie (Crypt:3)
  A water moccasin (Zig:13)
  A spiny frog skeleton (Geh:5)
  A merfolk skeleton (Geh:6)
  7 orc warriors
  7 ice beasts
  A lindwurm zombie (Crypt:3)
  A snapping turtle zombie (Dis:7)
  2 phantoms
  24 starcursed masses
  An ettin simulacrum (Vaults:5)
  2 eyes of draining
  A swamp dragon zombie (Dis:6)
  13 necrophages
  2 snapping turtle skeletons
  A swamp dragon skeleton (Geh:6)
  9 ogres
  A crocodile (Zig:21)
  A manticore skeleton (Coc:5)
  A cyclops zombie (Crypt:2)
  A troll zombie (Geh:6)
  19 wights
  4 crimson imps
  2 quasits (Abyss:1)
  A centaur zombie (Dis:4)
  2 centaur skeletons (Geh:6)
  2 jellies
  3 orc priests (Vaults:5)
  10 iron imps
  A human skeleton (Coc:7)
  17 hell rats
  2 naga skeletons
  15 small abominations
  31 mummies
  4 shadow imps
  10 white imps
  A ball lightning (Pan)
  4 orcs (Vaults:5)
  A kobold skeleton (Coc:2)
  An orc skeleton (Coc:5)
  A block of ice (Pan)
  A fire vortex (Pan)
  A lurking horror (Abyss:1)
  A plant (Zig:6)
  15 starspawn tentacles
2292 creatures vanquished.

Vanquished Creatures (others)
  A pandemonium lord (Zig:27)
  A Hell Sentinel (Dis:7)
  2 eldritch tentacles
  A tengu reaver (Vaults:5)
  A stone giant (Depths:1)
  An elemental wellspring (Coc:7)
  A corrupter (Pan)
  2 bennus (Tomb:2)
  A yellow draconian (Zot:4)
  An ice dragon (Zig:16)
  A thrashing horror (Abyss:1)
  2 deep elf knights
  A wretched star (Abyss:1)
  A storm dragon skeleton (Tomb:2)
  A skeletal warrior (Tomb:2)
  A phantasmal warrior (Geh:6)
  An orc knight (Vaults:3)
  An anaconda skeleton (Tomb:2)
  2 moths of wrath
  A deep elf mage (Elf:3)
  A smoke demon (Abyss:1)
  A tormentor (Zig:20)
  2 hellwings (Pan)
  A guardian mummy (Tomb:2)
  A golden dragon simulacrum (Tomb:2)
  A jumping spider (Spider:4)
  A fire dragon skeleton (Tomb:2)
  A ynoxinul (Pan)
  A tarantella (Spider:4)
  A chaos spawn (Zig:27)
  A spatial vortex (Geh:7)
  A small abomination (Abyss:4)
  A slave (D:8)
  4 ettin simulacra (Depths:5)
  A snapping turtle skeleton (Tomb:2)
  3 wights (Geh:1)
  A crimson imp (D:8)
  A hell rat (Hell)
  5 mummies (Tomb:2)
  A shadow imp (Tar:7)
  16 ball lightnings
  An orc (D:8)
  5 blocks of ice
  2 demonic plants (Pan)
  68 fire vortices
  27 fungi
  2 lurking horrors (Abyss:4)
  62 plants
  68 starspawn tentacles
  15 tentacles
320 creatures vanquished.

Grand Total: 6178 creatures vanquished

Notes
Turn   | Place    | Note
-------+----------+-------------------------------------------
     0 | D:1      | PegasusDuck the Tengu Fire Elementalist began the quest for the Orb.
     0 | D:1      | Reached XP level 1. HP: 10/10 MP: 4/4
   117 | D:1      | Reached XP level 2. HP: 14/15 MP: 0/6
   291 | D:1      | Learned a level 2 spell: Throw Flame
   517 | D:1      | Reached XP level 3. HP: 14/19 MP: 0/7
   792 | D:1      | Learned a level 3 spell: Conjure Flame
  1302 | D:2      | Reached XP level 4. HP: 24/24 MP: 3/8
  1371 | D:2      | Found a deep blue altar of Sif Muna.
  1511 | D:2      | Became a worshipper of Sif Muna the Loreminder
  1879 | D:2      | Found a blossoming altar of Fedhas.
  2148 | D:2      | Gained mutation: You can fly. [Tengu growth]
  2148 | D:2      | Reached XP level 5. HP: 28/28 MP: 6/10
  2986 | D:3      | Reached skill level 3 in Spellcasting
  3348 | D:3      | Reached * piety under Sif Muna
  3356 | D:3      | Reached XP level 6. HP: 32/32 MP: 5/11
  3981 | D:4      | Noticed Grinder
  3990 | D:4      | Learned a level 5 spell: Fireball
  3998 | D:4      | Killed Grinder
  3998 | D:4      | Reached XP level 7. HP: 36/36 MP: 11/13
  4033 | D:4      | Found a staircase to the Ecumenical Temple.
  4185 | D:4      | Found a hazy altar of Hepliaklqana.
  4246 | D:4      | Noticed Thaneod's ghost (novice VSFi)
  4252 | D:4      | Killed Thaneod's ghost
  4252 | D:4      | Reached skill level 4 in Spellcasting
  4252 | D:4      | Reached skill level 5 in Conjurations
  4252 | D:4      | Reached skill level 5 in Fire Magic
  4583 | D:4      | Reached XP level 8. HP: 41/41 MP: 8/15
  4722 | D:4      | Reached skill level 5 in Stealth
  4982 | D:5      | Entered Level 5 of the Dungeon
  5230 | D:5      | Reached ** piety under Sif Muna
  5230 | D:5      | Reached skill level 5 in Spellcasting
  5688 | D:5      | Found an iron altar of Okawaru.
  6183 | D:5      | Reached skill level 6 in Spellcasting
  6346 | D:6      | Noticed Eustachio
  6371 | D:6      | Killed Eustachio
  6371 | D:6      | Reached skill level 1 in Armour
  6630 | D:6      | Identified a scroll of acquirement
  6726 | D:6      | Found a sacrificial altar of Ru.
  7094 | D:6      | Found a runed door.
  7222 | D:6      | Noticed Crazy Yiuf
  7230 | D:6      | Killed Crazy Yiuf
  7656 | D:7      | Noticed Patate's ghost (novice TrHu)
  7989 | D:7      | Reached skill level 5 in Dodging
  7989 | D:7      | Reached XP level 9. HP: 45/45 MP: 10/19
  8067 | D:7      | Reached skill level 1 in Invocations
  8660 | D:7      | Killed Patate's ghost
  8660 | D:7      | Reached skill level 7 in Spellcasting
  8952 | D:7      | Reached *** piety under Sif Muna
  9012 | D:7      | Noticed Joseph
  9368 | D:8      | Found a flagged portal.
  9404 | Bailey   | Entered a bailey
  9706 | Bailey   | Reached skill level 8 in Spellcasting
 10042 | Bailey   | Noticed an orc knight
 10232 | D:8      | Reached skill level 5 in Invocations
 10232 | D:8      | Reached XP level 10. HP: 50/50 MP: 11/23
 10331 | D:8      | Noticed Pikel
 10607 | D:8      | Killed Pikel
 10607 | D:8      | Reached skill level 9 in Spellcasting
 10653 | D:8      | Found Ifozaej's Magic Scroll Shop.
 10677 | D:8      | Reached **** piety under Sif Muna
 10805 | D:8      | Bought a scroll of teleportation for 33 gold pieces
 10808 | D:8      | Found the +3 hat of Pondering {ponderous, MR+ MP+10 Int+5}
 11409 | D:9      | Found a hazy altar of Hepliaklqana.
 11409 | D:9      | Noticed an oklob plant
 11432 | D:9      | Found Viub's General Store.
 11446 | D:9      | Bought a wand of acid (8) for 312 gold pieces
 11730 | D:9      | Found a hide-covered altar of Uskayaw.
 11820 | D:9      | Reached skill level 1 in Shields
 12889 | D:10     | Entered Level 10 of the Dungeon
 13074 | D:10     | Reached XP level 11. HP: 52/54 MP: 3/25
 13362 | D:10     | Reached ***** piety under Sif Muna
 13568 | D:10     | Found a staircase to the Orcish Mines.
 13612 | D:10     | Identified Qufefir's Volume of Confrontation (Sif Muna gifted it to you on level 10 of the Dungeon)
 13612 | D:10     | Received a gift from Sif Muna
 13710 | D:10     | Learned a level 4 spell: Sticky Flame
 14315 | D:11     | Noticed a manticore
 14322 | D:11     | Killed a manticore
 14330 | D:11     | Noticed a white ugly thing
 14618 | D:11     | Found a staircase to the Lair.
 14964 | D:11     | Found Rucrir's Jewellery Shop.
 15385 | D:12     | Reached skill level 10 in Spellcasting
 15392 | D:12     | Noticed a two-headed ogre
 15395 | D:12     | Noticed a two-headed ogre
 15397 | D:12     | Killed a two-headed ogre
 15565 | D:12     | Noticed an eight-headed hydra
 15671 | D:12     | Noticed an unseen horror
 15674 | D:12     | Killed an unseen horror
 15841 | D:12     | Killed a two-headed ogre
 15841 | D:12     | Reached skill level 11 in Spellcasting
 16075 | D:12     | Killed an eight-headed hydra
 16221 | D:12     | Noticed a red ugly thing
 16265 | D:12     | Reached XP level 12. HP: 59/59 MP: 8/28
 16357 | D:11     | Bought a +4 ring of evasion for 432 gold pieces
 16546 | Lair:1   | Entered Level 1 of the Lair of Beasts
 16560 | D:11     | Reached skill level 12 in Spellcasting
 16841 | Lair:1   | Identified Sif Muna's Tome of the Battered Lies (Sif Muna gifted it to you on level 1 of the Lair of Beasts)
 16841 | Lair:1   | Received a gift from Sif Muna
 17183 | Lair:1   | Noticed a four-headed hydra
 17229 | Lair:1   | Killed a four-headed hydra
 18046 | Lair:1   | Reached skill level 13 in Spellcasting
 18928 | Lair:2   | Noticed a five-headed hydra
 18983 | Lair:2   | Killed a five-headed hydra
 19404 | Lair:2   | Reached skill level 14 in Spellcasting
 19868 | Lair:3   | Identified Sif Muna's Handbook of the Lethal Volcanoes (Sif Muna gifted it to you on level 3 of the Lair of Beasts)
 19868 | Lair:3   | Received a gift from Sif Muna
 19999 | Lair:3   | Noticed a seven-headed hydra
 20004 | Lair:3   | Killed a seven-headed hydra
 20081 | Lair:3   | Reached XP level 13. HP: 50/63 MP: 1/32
 20285 | Lair:3   | Found a staircase to the Shoals.
 20905 | Lair:4   | Reached skill level 10 in Conjurations
 21135 | Lair:4   | Reached skill level 10 in Fire Magic
 22773 | Lair:4   | Found a hole to the Spider Nest.
 23418 | Lair:5   | Identified Sif Muna's Almanac of Slavery (Sif Muna gifted it to you on level 5 of the Lair of Beasts)
 23418 | Lair:5   | Received a gift from Sif Muna
 23917 | Lair:5   | Reached skill level 1 in Fighting
 23917 | Lair:5   | Reached skill level 1 in Staves
 24174 | Lair:5   | Found a staircase to the Slime Pits.
 24423 | Lair:5   | Found a viscous altar of Jiyva.
 24697 | Lair:6   | Entered Level 6 of the Lair of Beasts
 24784 | Lair:6   | Identified the ring "Xyilean" {Wiz rF- rC+ rN+++ Str-3} (You found it on level 6 of the Lair of Beasts)
 25173 | Lair:6   | Gained mutation: You can fly continuously. [Tengu growth]
 25173 | Lair:6   | Reached XP level 14. HP: 76/76 MP: 13/33
 25372 | Lair:6   | Got a warped long sword
 25374 | Lair:6   | Identified the cursed +3 long sword of Joithrir {venom, +Inv Str+4 Dex+3} (You found it on level 6 of the Lair of Beasts)
 25454 | Lair:6   | Reached skill level 1 in Evocations
 25566 | Lair:6   | Reached skill level 5 in Staves
 25812 | Lair:6   | Reached skill level 5 in Fighting
 26519 | Lair:6   | Noticed a dire elephant
 26563 | Lair:6   | Noticed a dire elephant
 26563 | Lair:6   | Noticed a dire elephant
 26564 | Lair:6   | Found the +9 scales of the Dragon King {rPois rF+ rC+ MR+}
 26589 | Lair:6   | Noticed a dire elephant
 26645 | Lair:6   | Killed a dire elephant
 26749 | Lair:6   | Killed a dire elephant
 26842 | Lair:6   | Killed a dire elephant
 26842 | Lair:6   | Reached skill level 5 in Evocations
 26843 | Lair:6   | Killed a dire elephant
 27249 | Orc:1    | Entered Level 1 of the Orcish Mines
 27406 | D:10     | Learned a level 6 spell: Bolt of Fire
 27407 | Orc:1    | Noticed an orc warlord
 27897 | D:10     | Killed an orc warlord
 28199 | Orc:2    | Entered Level 2 of the Orcish Mines
 28199 | Orc:2    | Noticed Nessos
 28513 | D:12     | Identified Sif Muna's Reference Book on Dislocated Stolen Souls (Sif Muna gifted it to you on level 12 of the Dungeon)
 28513 | D:12     | Received a gift from Sif Muna
 29018 | D:13     | Reached skill level 15 in Spellcasting
 29839 | D:14     | Found a gate to the Vaults.
 30027 | D:14     | Noticed a fire giant
 30027 | D:14     | an alligator snapping turtle changed into a fire giant
 30035 | D:14     | Noticed a stone giant
 30035 | D:14     | a fire giant changed into a stone giant
 30039 | D:15     | Entered Level 15 of the Dungeon
 31544 | D:15     | Reached XP level 15. HP: 82/82 MP: 18/35
 31664 | D:15     | Reached skill level 16 in Spellcasting
 31898 | D:15     | Found Tihyfaunt's Armour Boutique.
 31955 | D:15     | Received a gift from Sif Muna
 32674 | D:15     | Found a staircase to the Depths.
 32892 | Orc:1    | Found Hiseve's Weapon Shoppe.
 33508 | Orc:1    | Learned a level 3 spell: Mephitic Cloud
 33509 | Orc:2    | Found Cyus's Book Shoppe.
 33514 | Orc:2    | Killed Nessos
 34229 | Orc:2    | Found Mahaedghu's Antique Armour Boutique.
 34594 | Orc:2    | Found a staircase to the Elven Halls.
 34701 | Orc:2    | Found Sassadom's General Store.
 34709 | Orc:2    | Bought a potion of curing for 48 gold pieces
 34717 | Orc:2    | Found Yvos's Magic Scroll Boutique.
 35036 | Orc:2    | Found Orghuc's Antique Weapon Boutique.
 35076 | Orc:2    | Noticed an orc warlord
 35124 | Orc:2    | Killed an orc warlord
 35676 | Shoals:1 | Entered Level 1 of the Shoals
 36409 | Shoals:1 | Reached skill level 15 in Conjurations
 38162 | Shoals:2 | Reached XP level 16. HP: 82/87 MP: 8/37
 38258 | Shoals:2 | Found Oqemah's General Store.
 38407 | Shoals:2 | Noticed a kraken
 38441 | Shoals:2 | Killed a kraken
 38804 | Shoals:2 | Found Bukler's Armour Boutique.
 38914 | Shoals:2 | Found Nishraxeq's Assorted Antiques.
 39100 | Shoals:2 | Reached skill level 10 in Dodging
 39300 | Shoals:3 | Received a gift from Sif Muna
 40156 | Shoals:3 | Noticed Polyphemus
 40793 | Shoals:4 | Entered Level 4 of the Shoals
 40896 | Shoals:4 | Noticed Ilsuiw
 41080 | Spider:1 | Entered Level 1 of the Spider Nest
 41410 | Lair:4   | Learned a level 4 spell: Iskenderun's Mystic Blast
 42580 | Spider:1 | Identified the +0 robe of Amasa {MR++ Dex+4} (You found it on level 1 of the Spider Nest)
 43057 | Spider:2 | Noticed Asterion
 43964 | Spider:2 | Reached skill level 5 in Shields
 44002 | Spider:2 | Killed Asterion
 45080 | Spider:3 | Found the +2 hat of the Bear Spirit {Spirit, +Rage rN+ MR++}
 45552 | Spider:3 | Reached XP level 17. HP: 91/92 MP: 31/38
 45562 | Spider:3 | Received a gift from Sif Muna
 46808 | Spider:4 | Entered Level 4 of the Spider Nest
 48251 | Spider:4 | Reached skill level 10 in Shields
 48448 | Spider:4 | Noticed Arachne
 48503 | Spider:4 | Killed Arachne
 50267 | Spider:4 | Identified Focwaf's Grimoire of Transmutation and Unholy Arts
 51363 | Spider:4 | Got a gossamer rune of Zot
 51717 | Shoals:4 | Noticed Donald
 51869 | Shoals:3 | Killed Donald
 51869 | Shoals:3 | Identified Sif Muna's Disquisition on the Harmful Voyage (Sif Muna gifted it to you on level 3 of the Shoals)
 51869 | Shoals:3 | Received a gift from Sif Muna
 52091 | Shoals:4 | Reached XP level 18. HP: 96/96 MP: 32/39
 53550 | Shoals:4 | Killed Ilsuiw
 53709 | Shoals:3 | Killed Polyphemus
 54001 | Shoals:3 | Learned a level 7 spell: Orb of Destruction
 54210 | Shoals:4 | Identified the +11 shortbow of Slime {flame, rPois rF+ rC+++ Dex-4} (You found it on level 4 of the Shoals)
 54636 | Shoals:4 | Reached skill level 17 in Spellcasting
 55351 | Shoals:4 | Got a barnacled rune of Zot
 55930 | Vaults:1 | Entered Level 1 of the Vaults
 56052 | Vaults:1 | Found a ruined gateway.
 56064 | Desolati | Entered the Desolation of Salt
 56105 | Desolati | Learned a level 1 spell: Summon Butterflies
 57642 | Vaults:1 | Received a gift from Sif Muna
 58198 | Vaults:1 | Found Cufeatat's General Store.
 58204 | Vaults:1 | Bought a scroll of blinking for 112 gold pieces
 58204 | Vaults:1 | Bought a scroll of blinking for 112 gold pieces
 58361 | Vaults:1 | Reached XP level 19. HP: 101/101 MP: 34/41
 58827 | Vaults:2 | Got a slimy ring mail
 58839 | Vaults:2 | Identified the +9 ring mail "Rain" {+Fly rF++ Str-5} (You found it on level 2 of the Vaults)
 58931 | Vaults:2 | Got an ancient ivory ring
 58958 | Vaults:2 | Identified the ring of Hucwewnu {Fire Dex+4} (You found it on level 2 of the Vaults)
 59048 | Vaults:2 | Reached skill level 15 in Shields
 60060 | Vaults:2 | Reached skill level 5 in Armour
 60906 | Vaults:2 | Reached skill level 18 in Spellcasting
 63128 | Vaults:3 | Identified Laitoi's Almanac of Feathery Attacks (Sif Muna gifted it to you on level 3 of the Vaults)
 63128 | Vaults:3 | Received a gift from Sif Muna
 63252 | Vaults:3 | Found Sippadif's Antique Armour Boutique.
 63542 | Vaults:3 | Found a staircase to the Crypt.
 63542 | Vaults:3 | Found a basalt altar of Yredelemnul.
 63543 | Vaults:3 | Found an ancient bone altar of Kikubaaqudgha.
 63813 | Vaults:3 | Reached XP level 20. HP: 112/112 MP: 4/43
 64807 | Vaults:3 | Noticed Bai Suzhen
 64865 | Vaults:3 | Killed Bai Suzhen
 65957 | Vaults:4 | Reached skill level 10 in Armour
 66588 | Vaults:4 | Reached skill level 19 in Spellcasting
 66794 | Vaults:4 | Reached skill level 10 in Fighting
 67293 | Vaults:4 | Learned a level 4 spell: Summon Lightning Spire
 67301 | Vaults:4 | Learned a level 7 spell: Spellforged Servitor
 67354 | Vaults:4 | Reached skill level 1 in Summonings
 67672 | Vaults:4 | Received a gift from Sif Muna
 67836 | Vaults:4 | Reached skill level 5 in Summonings
 68586 | Vaults:4 | Found a radiant altar of Vehumet.
 68684 | Vaults:4 | Reached XP level 21. HP: 118/122 MP: 29/45
 69837 | Elf:1    | Entered Level 1 of the Elven Halls
 69841 | Elf:1    | Reached skill level 10 in Summonings
 70144 | Elf:1    | Identified Sif Muna's Disquisition on the Rocks and Transmigration (Sif Muna gifted it to you on level 1 of the Elven Halls)
 70144 | Elf:1    | Received a gift from Sif Muna
 70219 | Elf:1    | Found a flickering gateway to a bazaar.
 70225 | Bazaar   | Entered a bazaar
 70225 | Bazaar   | Found Hadathac's Assorted Antiques.
 70225 | Bazaar   | Found Ucaisir's Assorted Antiques.
 70225 | Bazaar   | Found Pel Miaps's Assorted Antiques.
 70227 | Bazaar   | Found Healaur's Antique Armour Emporium.
 70227 | Bazaar   | Found Kanush's Book Shop.
 70263 | Bazaar   | Bought a potion of heal wounds for 95 gold pieces
 70295 | Bazaar   | Bought a phial of floods for 840 gold pieces
 70295 | Bazaar   | Bought a wand of acid (10) for 168 gold pieces
 70299 | Bazaar   | Bought a wand of acid (8) for 152 gold pieces
 70519 | Elf:1    | Noticed Roxanne
 71077 | Elf:1    | Noticed Aizul
 71085 | Elf:1    | Killed Aizul
 71807 | Elf:1    | Identified Netixt's Tome of Attacks
 72686 | Elf:2    | Found a runed door.
 72739 | Elf:2    | Found a runed door.
 73279 | Elf:2    | Noticed Nikola
 73303 | Elf:2    | Killed Nikola
 73714 | Elf:3    | Entered Level 3 of the Elven Halls
 73976 | Elf:3    | Found Haogah's General Store.
 73984 | Elf:3    | Bought a potion of haste for 140 gold pieces
 74513 | Elf:3    | Found Bigorur's Gadget Shoppe.
 74513 | Elf:3    | Found Muxzallyxe's Jewellery Shop.
 74514 | Elf:3    | Found Luihem's Jewellery Shop.
 74529 | Elf:3    | Bought the amulet of the Peasants {rPois MR+ Regen+} for 608 gold pieces
 74773 | Elf:3    | Reached skill level 15 in Summonings
 75104 | Elf:3    | Identified Sif Muna's Catalogue of the Escort (Sif Muna gifted it to you on level 3 of the Elven Halls)
 75104 | Elf:3    | Received a gift from Sif Muna
 75273 | Elf:3    | Got a vibrating marble ring
 75278 | Elf:3    | Identified the ring of Jeipuxt {+Blink rC+ MR++ Str-4 Int+3} (You took it off a deep elf demonologist on level 3 of the Elven Halls)
 75437 | Elf:3    | Got a sparkling glass ring
 75713 | Elf:3    | Reached XP level 22. HP: 75/127 MP: 0/46
 76085 | Elf:3    | Got a shimmering iron ring
 76576 | Elf:3    | Learned a level 7 spell: Haunt
 76600 | Elf:3    | Reached skill level 1 in Necromancy
 77193 | Elf:3    | Reached skill level 5 in Necromancy
 77362 | Elf:3    | Learned a level 7 spell: Monstrous Menagerie
 77463 | Elf:3    | Identified the ring of Kyalueto {SInv Stlth+} (You took it off a deep elf demonologist on level 3 of the Elven Halls)
 77466 | Elf:3    | Identified the ring "Qogomei" {+Fly rC+} (You took it off a deep elf blademaster on level 3 of the Elven Halls)
 77954 | Depths:1 | Entered Level 1 of the Depths
 78677 | Depths:1 | Found a gateway to Hell.
 79134 | Depths:1 | Found a gateway to a ziggurat.
 79289 | Depths:2 | Received a gift from Sif Muna
 80234 | Depths:2 | Reached skill level 10 in Necromancy
 81070 | Depths:2 | Noticed a golden dragon
 81077 | Depths:2 | Killed a golden dragon
 81168 | Depths:2 | Found a one-way gate to the infinite horrors of the Abyss.
 81173 | Depths:2 | Got a steaming glass ring
 81174 | Depths:2 | Identified the ring of Lewuilun {Fire rPois Int+3} (You found it on level 2 of the Depths)
 82751 | Depths:3 | Reached XP level 23. HP: 132/132 MP: 29/47
 83562 | Depths:3 | Identified Sif Muna's Compendium of Evil Arts and the Blaze (Sif Muna gifted it to you on level 3 of the Depths)
 83562 | Depths:3 | Received a gift from Sif Muna
 84651 | Depths:3 | Found a one-way gate leading to the halls of Pandemonium.
 85770 | Depths:3 | Noticed Boris
 85803 | Depths:3 | Killed Boris
 85803 | Depths:3 | Reached skill level 15 in Necromancy
 86140 | Depths:3 | Found a deep blue altar of Sif Muna.
 87062 | Depths:4 | Identified Sif Muna's Handbook of Lethal Transmigration (Sif Muna gifted it to you on level 4 of the Depths)
 87062 | Depths:4 | Received a gift from Sif Muna
 87217 | Depths:4 | Noticed a golden dragon
 87601 | Depths:4 | Killed a golden dragon
 88320 | Depths:4 | Noticed a golden dragon
 88440 | Depths:4 | Killed a golden dragon
 88578 | Depths:4 | Found Zigevo's Magic Scroll Shop.
 88586 | Depths:4 | Bought a scroll of blinking for 112 gold pieces
 88586 | Depths:4 | Bought a scroll of fog for 30 gold pieces
 88586 | Depths:4 | Bought a scroll of enchant armour for 112 gold pieces
 89119 | Depths:4 | Reached XP level 24. HP: 137/137 MP: 32/47
 89388 | Depths:3 | Learned a level 6 spell: Death Channel
 89698 | Depths:4 | Reached skill level 20 in Spellcasting
 89953 | Depths:4 | Identified Sif Muna's Handbook of Shape Shifting and Boosts (Sif Muna gifted it to you on level 4 of the Depths)
 89953 | Depths:4 | Received a gift from Sif Muna
 90524 | Depths:4 | Found a sparkling altar of Nemelex Xobeh.
 91338 | Depths:5 | Entered Level 5 of the Depths
 92213 | Depths:5 | Found an ornate altar of the Wu Jian Council.
 92586 | Depths:4 | Learned a level 5 spell: Dispel Undead
 93095 | Depths:5 | Found a sacrificial altar of Ru.
 93154 | Depths:5 | Reached skill level 21 in Spellcasting
 93486 | Depths:5 | Found an iron altar of Okawaru.
 93500 | Depths:5 | Received a gift from Sif Muna
 93706 | Depths:5 | Reached skill level 1 in Polearms
 93976 | Depths:5 | Found a gate to the Realm of Zot.
 94167 | Depths:5 | Noticed a caustic shrike
 94168 | Depths:5 | Noticed a caustic shrike
 94169 | Depths:5 | Noticed a caustic shrike
 94177 | Depths:5 | Killed a caustic shrike
 94453 | Depths:5 | Killed a caustic shrike
 94654 | Depths:5 | Found a shadowy altar of Dithmenos.
 94734 | Depths:5 | Killed a caustic shrike
 95373 | Crypt:1  | Entered Level 1 of the Crypt
 95381 | Crypt:1  | Reached skill level 5 in Polearms
 96036 | Crypt:1  | Reached XP level 25. HP: 131/141 MP: 15/49
 96300 | Crypt:2  | Noticed Mennas
 96893 | Crypt:1  | Identified Gaim's Handbook of Attacks and Cold (Sif Muna gifted it to you on level 1 of the Crypt)
 96893 | Crypt:1  | Received a gift from Sif Muna
 99078 | Crypt:2  | Killed Mennas
 99078 | Crypt:2  | Reached skill level 22 in Spellcasting
 99267 | Crypt:2  | Found a huge runed gate.
 99267 | Crypt:2  | Found a huge runed gate.
 99267 | Crypt:2  | Found a huge runed gate.
 99269 | Crypt:2  | Found a huge runed gate.
 99270 | Crypt:2  | Found a huge runed gate.
 99271 | Crypt:2  | Found a huge runed gate.
 99309 | Crypt:2  | Found a huge runed gate.
 99309 | Crypt:2  | Found a huge runed gate.
 99310 | Crypt:2  | Found a huge runed gate.
 99342 | Crypt:2  | Found a huge runed gate.
 99343 | Crypt:2  | Found a huge runed gate.
 99344 | Crypt:2  | Found a huge runed gate.
 99351 | Crypt:2  | Found a huge runed gate.
 99351 | Crypt:2  | Found a huge runed gate.
 99351 | Crypt:2  | Found a huge runed gate.
 99351 | Crypt:2  | Found a huge runed gate.
 99351 | Crypt:2  | Found a huge runed gate.
 99351 | Crypt:2  | Found a huge runed gate.
 99351 | Crypt:2  | Found a huge runed gate.
 99352 | Crypt:2  | Found a huge runed gate.
 99353 | Crypt:2  | Found a huge runed gate.
 99358 | Crypt:2  | Found a huge runed gate.
 99448 | Crypt:2  | Noticed an ancient lich
 99448 | Crypt:2  | Noticed an ancient lich
 99448 | Crypt:2  | Noticed an ancient lich
 99979 | Crypt:2  | Killed an ancient lich
 99985 | Crypt:2  | Killed an ancient lich
100246 | Crypt:3  | Entered Level 3 of the Crypt
100266 | Crypt:3  | Reached skill level 10 in Polearms
100634 | Crypt:2  | Killed an ancient lich
101088 | Crypt:3  | Found a staircase to the Tomb.
101831 | Crypt:3  | Identified Sif Muna's Guide on Darkness (Sif Muna gifted it to you on level 3 of the Crypt)
101831 | Crypt:3  | Received a gift from Sif Muna
101857 | Crypt:3  | Learned a level 8 spell: Infestation
102787 | Crypt:3  | Reached XP level 26. HP: 142/147 MP: 30/50
102855 | Crypt:3  | Noticed an ancient lich
102858 | Crypt:3  | Killed an ancient lich
102879 | Crypt:3  | Identified the ring of Seuma {rN+ Str+4 Stlth-} (You found it on level 3 of the Crypt)
102880 | Crypt:3  | Identified the ring "Wueruageis" {rF+ rN+} (You found it on level 3 of the Crypt)
102909 | Crypt:3  | Identified the ring "Coistupt" {Fire rPois Slay+3} (You found it on level 3 of the Crypt)
103342 | Vaults:5 | Entered Level 5 of the Vaults
103361 | Vaults:4 | Reached skill level 23 in Spellcasting
103684 | Vaults:5 | Received a gift from Sif Muna
103833 | Vaults:5 | Noticed an ancient lich
104786 | Vaults:5 | Received a gift from Sif Muna
104878 | Vaults:5 | Killed an ancient lich
104943 | Vaults:5 | Got a silver rune of Zot
104965 | Vaults:5 | Identified the amulet "Soulan" {Harm *Drain rF+ Dex+7} (You took it off a tengu reaver on level 5 of the Vaults)
105339 | Vaults:5 | Found the +7 Singing Sword
106186 | Depths:2 | Voluntarily entered the Abyss.
106408 | Abyss:1  | Lost strength.
106537 | Abyss:1  | Reached XP level 27. HP: 136/136 MP: 37/41
106772 | Abyss:1  | Received a gift from Sif Muna
106893 | Abyss:2  | Found a corrupted altar of Lugonu.
107095 | Abyss:2  | Reached ****** piety under Sif Muna
107128 | Abyss:3  | Found a corrupted altar of Lugonu.
107965 | Abyss:4  | Noticed an ancient lich
107970 | Abyss:4  | Killed an ancient lich
107973 | Abyss:4  | Identified Sif Muna's Catalogue of Unholy Rituals (Sif Muna gifted it to you on level 4 of the Abyss)
107973 | Abyss:4  | Received a gift from Sif Muna
108000 | Abyss:4  | Got an abyssal rune of Zot
108396 | Depths:2 | Escaped the Abyss
108783 | Slime:1  | Entered Level 1 of the Pits of Slime
109061 | Slime:3  | Gained mutation: You are weak. (Str -2) [a shining eye]
110090 | Slime:5  | Entered Level 5 of the Pits of Slime
110225 | Slime:5  | Received a gift from Sif Muna
110240 | Slime:5  | Found the +10 morningstar "Eos" {elec, Halo rElec}
110242 | Slime:5  | Found a viscous altar of Jiyva.
110260 | Slime:5  | Found the +12 glaive of Prune {chop}
110260 | Slime:5  | Found the +2 shield of Resistance {rF+ rC+ MR+}
110290 | Slime:5  | Noticed the Royal Jelly
110301 | Slime:5  | Killed the Royal Jelly
110664 | Slime:5  | Got a slimy rune of Zot
110712 | Slime:5  | Got a fine steel ring
110713 | Slime:5  | Identified the ring "Koeggavo" {Dex+8 Stlth-} (You found it on level 5 of the Pits of Slime)
111505 | Zot:1    | Entered Level 1 of the Realm of Zot
111510 | Zot:1    | Noticed an orb of fire
111745 | Zot:1    | Killed an orb of fire
111745 | Zot:1    | Reached skill level 24 in Spellcasting
112195 | Depths:5 | Learned a level 8 spell: Summon Horrible Things
113932 | Zot:2    | Noticed an orb of fire
114107 | Zot:1    | Identified the +2 pair of gloves "Aparih" {rF+} (You acquired it on level 1 of the Realm of Zot)
114112 | Zot:1    | Identified the +2 shield "Naraczua" {+Fly Stlth+} (You acquired it on level 1 of the Realm of Zot)
114115 | Zot:1    | Found the +2 cloak of the Thief {+Fog Slay-2 SInv Stlth+}
114119 | Zot:1    | Identified the +0 cloak of Saitzitt {Dex+5 Stlth+} (You acquired it on level 1 of the Realm of Zot)
114544 | Zot:2    | Killed an orb of fire
114874 | Zot:2    | Received a gift from Sif Muna
114879 | Zot:2    | Reached skill level 15 in Fighting
115653 | Spider:1 | Lost mutation: You are weak. (Str -2) [potion of mutation]
115653 | Spider:1 | Gained mutation: Armour fits poorly on your strangely shaped body. [potion of mutation]
115653 | Spider:1 | Gained mutation: You are clumsy. (Dex -2) [potion of mutation]
115653 | Spider:1 | Gained mutation: You are weak. (Str -2) [potion of mutation]
115653 | Spider:1 | Gained mutation: Your system is resistant to poisons. (rPois) [potion of mutation]
115654 | Spider:1 | Lost mutation: Armour fits poorly on your strangely shaped body. [potion of mutation]
115654 | Spider:1 | Lost mutation: You are weak. (Str -2) [potion of mutation]
115654 | Spider:1 | Lost mutation: You are clumsy. (Dex -2) [potion of mutation]
115654 | Spider:1 | Gained mutation: Your magical capacity is low. (-10% MP) [potion of mutation]
115654 | Spider:1 | Gained mutation: Scrolls take you a little longer to read. [potion of mutation]
115654 | Spider:1 | Gained mutation: You have a pair of small antennae on your head. [potion of mutation]
115655 | Spider:1 | Lost mutation: Your magical capacity is low. (-10% MP) [potion of mutation]
115655 | Spider:1 | Lost mutation: You have a pair of small antennae on your head. [potion of mutation]
115655 | Spider:1 | Lost mutation: Your system is resistant to poisons. (rPois) [potion of mutation]
115655 | Spider:1 | Lost mutation: Scrolls take you a little longer to read. [potion of mutation]
115655 | Spider:1 | Gained mutation: Your spells are a little harder to cast, but a little more powerful. [potion of mutation]
115655 | Spider:1 | Gained mutation: You are resistant to electric shocks. (rElec) [potion of mutation]
118934 | Zot:4    | Noticed an orb of fire
119182 | Zot:4    | Killed an orb of fire
119277 | Zot:4    | Identified Sif Muna's Almanac of the Entrancing Traveller (Sif Muna gifted it to you on level 4 of the Realm of Zot)
119277 | Zot:4    | Received a gift from Sif Muna
119520 | Zot:4    | Learned a level 9 spell: Dragon's Call
120597 | Pan      | Entered Pandemonium
121845 | Pan      | Noticed Gumoysto the pandemonium lord
121852 | Pan      | Killed Gumoysto the pandemonium lord
122128 | Pan      | Found an exit through the horrors of the Abyss.
122469 | Pan      | Found a runed door.
122945 | Pan      | Found an exit through the horrors of the Abyss.
123268 | Pan      | Received a gift from Sif Muna
123361 | Pan      | Noticed Hitwoo the pandemonium lord
123513 | Pan      | Gained mutation: You are dopey. (Int -2) [a cacodemon]
123523 | Pan      | Lost mutation: Your spells are a little harder to cast, but a little more powerful. [potion of mutation]
123523 | Pan      | Lost mutation: You are dopey. (Int -2) [potion of mutation]
123523 | Pan      | Gained mutation: You are partially covered in rugged brown scales. (AC +1, +3% HP) [potion of mutation]
123523 | Pan      | Gained mutation: Your system is resistant to poisons. (rPois) [potion of mutation]
123523 | Pan      | Gained mutation: You expend magic power (3 MP) to strengthen your wands. [potion of mutation]
123523 | Pan      | Gained mutation: You have a pair of small antennae on your head. [potion of mutation]
123994 | Pan      | Killed Hitwoo the pandemonium lord
125159 | Pan      | Gained mutation: You are dopey. (Int -2) [a neqoxec]
125579 | Pan      | Noticed Highoc the pandemonium lord
125598 | Pan      | Killed Highoc the pandemonium lord
125744 | Pan      | Found an exit through the horrors of the Abyss.
125796 | Pan      | Noticed Teaphe the pandemonium lord
126096 | Pan      | Entered the realm of Gloorx Vloq.
126328 | Pan      | Found an exit through the horrors of the Abyss.
126883 | Pan      | Received a gift from Sif Muna
127409 | Pan      | Noticed Gloorx Vloq
127426 | Pan      | Killed Gloorx Vloq
127436 | Pan      | Got a dark rune of Zot
128061 | Pan      | Learned a level 1 spell: Apportation
128162 | Pan      | Entered the realm of Lom Lobon.
128315 | Pan      | Found an exit through the horrors of the Abyss.
129006 | Pan      | Received a gift from Sif Muna
129027 | Pan      | Noticed Lom Lobon
129052 | Pan      | Killed Lom Lobon
129242 | Pan      | Got a magical rune of Zot
129374 | Pan      | Got a demonic rune of Zot
129376 | Pan      | Noticed Dedwox the pandemonium lord
129597 | Pan      | Found an exit through the horrors of the Abyss.
129762 | Pan      | Gained mutation: You have a pair of antennae on your head. [a neqoxec]
129970 | Pan      | Noticed Yrrask the pandemonium lord
129979 | Pan      | Killed Yrrask the pandemonium lord
130158 | Pan      | Entered the realm of Mnoleg.
130160 | Pan      | Gained mutation: Your spells are a little easier to cast, but a little less powerful. [a cacodemon]
130253 | Pan      | Gained mutation: Your spells are easier to cast, but less powerful. [a cacodemon]
130431 | Pan      | Noticed Mnoleg
130448 | Pan      | Killed Mnoleg
130448 | Pan      | Gained mutation: You passively map a small area around you. [a neqoxec]
130474 | Pan      | Reached skill level 25 in Spellcasting
130477 | Pan      | Reached skill level 15 in Dodging
130489 | Pan      | Got a glowing rune of Zot
130719 | Pan      | Gained mutation: You are clumsy. (Dex -2) [a neqoxec]
130752 | Pan      | Entered the realm of Cerebov.
130797 | Pan      | Found an exit through the horrors of the Abyss.
130904 | Pan      | Reached skill level 15 in Armour
131160 | Pan      | Received a gift from Sif Muna
131558 | Pan      | Identified the +10 fustibalus of Gozag's Hatred {velocity, *Contam rElec rF+ Int+3} (You found it in Pandemonium)
131580 | Pan      | Identified the cursed +0 leather armour of Sloth {rC++} (You found it in Pandemonium)
131708 | Pan      | Identified the Compendium of the Noxious Voyage
131738 | Pan      | Identified the +5 broad axe of Eternal Harmony {venom, rF+ rN+ Dex+3} (You found it in Pandemonium)
131778 | Pan      | Noticed Cerebov
131814 | Pan      | Killed Cerebov
131825 | Pan      | Got a fiery rune of Zot
131907 | Pan      | Took an exit into the Abyss.
131907 | Abyss:1  | Escaped into the Abyss
132175 | Depths:4 | Escaped the Abyss
132492 | D:9      | Bought a ration for 65 gold pieces
132492 | D:9      | Bought a ration for 65 gold pieces
132492 | D:9      | Bought a ration for 65 gold pieces
132710 | Elf:3    | Bought a ration for 70 gold pieces
132710 | Elf:3    | Bought a ration for 70 gold pieces
132749 | Elf:3    | Bought a wand of acid (11) for 390 gold pieces
133050 | Hell     | Entered the Vestibule of Hell
133050 | Hell     | Noticed Geryon
133250 | Depths:1 | Received a gift from Sif Muna
133981 | Hell     | Killed Geryon
134019 | Hell     | Found a gateway to the decaying netherworld of Tartarus.
134094 | Hell     | Found a gateway to the ashen valley of Gehenna.
134245 | Hell     | Found a gateway to the Iron City of Dis.
134329 | Hell     | Found a gateway to the freezing wastes of Cocytus.
134658 | Tar:1    | Entered Level 1 of Tartarus
134778 | Tar:1    | Learned a level 3 spell: Regeneration
135312 | Tar:2    | Received a gift from Sif Muna
137058 | Tar:7    | Entered Level 7 of Tartarus
137109 | Tar:7    | Received a gift from Sif Muna
137300 | Tar:7    | Got a warped glass ring
137301 | Tar:7    | Identified the ring "Owyfasuf" {rCorr rElec Stlth+} (You found it on level 7 of Tartarus)
137366 | Tar:7    | Noticed Ereshkigal
137869 | Tar:7    | Learned a level 2 spell: Blink
137927 | Tar:7    | Reached skill level 26 in Spellcasting
137947 | Tar:7    | Killed Ereshkigal
137959 | Tar:7    | Got a bone rune of Zot
138143 | Geh:1    | Entered Level 1 of Gehenna
138830 | Geh:5    | Received a gift from Sif Muna
139428 | Geh:7    | Entered Level 7 of Gehenna
140090 | Geh:7    | Identified the ring "Asux" {Fire *Contam rPois Stlth+} (You found it on level 7 of Gehenna)
140387 | Geh:7    | Received a gift from Sif Muna
140452 | Geh:7    | Noticed Asmodeus
140491 | Geh:7    | Killed Asmodeus
140531 | Geh:7    | Got an obsidian rune of Zot
140858 | Coc:1    | Entered Level 1 of Cocytus
141517 | Coc:5    | Noticed an ancient lich
141521 | Coc:5    | Killed an ancient lich
141599 | Coc:5    | Received a gift from Sif Muna
141823 | Coc:7    | Entered Level 7 of Cocytus
142094 | Coc:7    | Reached skill level 27 in Spellcasting
142249 | Coc:7    | Identified Ufojaxux's Catalogue of Congealing Confrontation
142256 | Coc:7    | Identified the +7 plate armour of Servitude {rF+ Stlth+} (You found it on level 7 of Cocytus)
142553 | Coc:7    | Noticed Antaeus
142590 | Coc:7    | Killed Antaeus
142641 | Coc:7    | Got an icy rune of Zot
142908 | Dis:1    | Entered Level 1 of the Iron City of Dis
143161 | Dis:1    | Reached skill level 10 in Invocations
144372 | Dis:7    | Entered Level 7 of the Iron City of Dis
144687 | Dis:7    | Received a gift from Sif Muna
145216 | Dis:7    | Identified the +7 bardiche "Diomn" {flame, rElec MR+ Dex+7} (You found it on level 7 of the Iron City of Dis)
145239 | Dis:7    | Noticed the Serpent of Hell
145359 | Dis:7    | Killed the Serpent of Hell
145712 | Dis:7    | Noticed Dispater
145735 | Dis:7    | Killed Dispater
145755 | Dis:7    | Got an iron rune of Zot
145757 | Dis:7    | Identified the +8 hand crossbow "Rutefek" {flame, MP+9 Stlth+} (You found it on level 7 of the Iron City of Dis)
145875 | Hell     | time for tomb fun
146193 | Tomb:1   | Entered Level 1 of the Tomb of the Ancients
146421 | Vaults:1 | Learned a level 8 spell: Ignition
146640 | Tomb:1   | Noticed Khufu
146646 | Tomb:1   | Noticed a greater mummy
146650 | Tomb:1   | Killed Khufu
147068 | Elf:1    | Learned a level 8 spell: Necromutation
147166 | Elf:2    | Reached skill level 1 in Transmutations
147573 | Elf:1    | Killed Roxanne
147575 | Elf:1    | Identified Roxanne's Tome of Clay (You took it off Roxanne on level 1 of the Elven Halls)
148031 | Tomb:1   | Killed a greater mummy
148125 | Tomb:1   | Reached skill level 5 in Transmutations
148172 | Tomb:1   | Noticed a greater mummy
148172 | Tomb:1   | Noticed an ancient lich
148177 | Tomb:1   | Killed an ancient lich
148179 | Tomb:1   | Killed a greater mummy
148234 | Tomb:1   | Received a gift from Sif Muna
148478 | Tomb:2   | Noticed a greater mummy
148479 | Tomb:2   | Noticed a greater mummy
148489 | Tomb:2   | Noticed a greater mummy
148493 | Tomb:2   | Noticed a greater mummy
148513 | Tomb:2   | Killed a greater mummy
148536 | Tomb:2   | Killed a greater mummy
148537 | Tomb:2   | Killed a greater mummy
148540 | Tomb:2   | Killed a greater mummy
148728 | Tomb:1   | Noticed a greater mummy
148746 | Tomb:1   | Noticed a greater mummy
148759 | Tomb:1   | Killed a greater mummy
148761 | Tomb:1   | Killed a greater mummy
148768 | Tomb:1   | Noticed a greater mummy
148777 | Tomb:1   | Killed a greater mummy
148787 | Tomb:1   | Noticed a greater mummy
148791 | Tomb:1   | Killed a greater mummy
148793 | Tomb:1   | Noticed a greater mummy
148800 | Tomb:1   | Killed a greater mummy
148836 | Tomb:1   | Noticed a greater mummy
148867 | Tomb:1   | Killed a greater mummy
148867 | Tomb:1   | Reached skill level 10 in Transmutations
149047 | Tomb:1   | Noticed a greater mummy
149049 | Tomb:1   | Noticed a greater mummy
149055 | Tomb:1   | Killed a greater mummy
149055 | Tomb:1   | Received a gift from Sif Muna
149055 | Tomb:1   | Noticed a greater mummy
149061 | Tomb:1   | Killed a greater mummy
149070 | Tomb:1   | Killed a greater mummy
149086 | Tomb:1   | Noticed a greater mummy
149098 | Tomb:1   | Noticed a greater mummy
149103 | Tomb:1   | Killed a greater mummy
149119 | Tomb:1   | Killed a greater mummy
149196 | Tomb:1   | Noticed a greater mummy
149324 | Tomb:1   | Killed a greater mummy
149532 | Tomb:1   | Noticed a greater mummy
149540 | Tomb:1   | Killed a greater mummy
149557 | Tomb:1   | Noticed a greater mummy
149571 | Tomb:1   | Noticed a greater mummy
149572 | Tomb:1   | Killed a greater mummy
149797 | Tomb:1   | Noticed a greater mummy
149803 | Tomb:1   | Killed a greater mummy
149817 | Tomb:1   | Killed a greater mummy
149888 | Tomb:1   | Noticed a greater mummy
149898 | Tomb:1   | Killed a greater mummy
150433 | Tomb:3   | Entered Level 3 of the Tomb of the Ancients
150468 | Tomb:3   | Noticed a greater mummy
150471 | Tomb:3   | Noticed a greater mummy
150482 | Tomb:3   | Noticed a greater mummy
150490 | Tomb:3   | Killed a greater mummy
150492 | Tomb:3   | Noticed a greater mummy
150505 | Tomb:2   | Received a gift from Sif Muna
150677 | Tomb:3   | Noticed a greater mummy
150687 | Tomb:3   | Noticed an ancient lich
150690 | Tomb:3   | Noticed a greater mummy
150693 | Tomb:3   | Found the ring of Shadows {Umbra +Inv Stlth+}
150693 | Tomb:3   | Killed an ancient lich
150693 | Tomb:3   | Killed a greater mummy
150696 | Tomb:3   | Noticed a greater mummy
150697 | Tomb:3   | Noticed a greater mummy
150700 | Tomb:3   | Killed a greater mummy
150707 | Tomb:3   | Killed a greater mummy
150707 | Tomb:3   | Killed a greater mummy
150720 | Tomb:3   | Killed a greater mummy
150731 | Tomb:3   | Killed a greater mummy
150751 | Tomb:3   | Killed a greater mummy
150787 | Tomb:3   | Identified the Grimoire of the Entourage and the Birds
150795 | Tomb:3   | Identified Xivyrghuz's Catalogue of Ghastly Conjuration
151188 | Tomb:3   | Got a golden rune of Zot
151898 | Vaults:4 | Fell from the grace of Sif Muna
151898 | Vaults:4 | Became a worshipper of Vehumet
152159 | Depths:2 | Voluntarily entered the Abyss.
152179 | Abyss:1  | Lost strength.
152230 | Abyss:1  | Lost strength.
152484 | Abyss:1  | Reached * piety under Vehumet
152793 | Abyss:1  | Learned a level 2 spell: Sublimation of Blood
153155 | Abyss:1  | Found a corrupted altar of Lugonu.
153171 | Abyss:1  | Found a corrupted altar of Lugonu.
153324 | Abyss:1  | Reached ** piety under Vehumet
153651 | Abyss:1  | Found a corrupted altar of Lugonu.
153742 | Abyss:1  | Found a snail-covered altar of Cheibriados.
153757 | Abyss:1  | Reached skill level 15 in Fire Magic
153819 | Depths:2 | Escaped the Abyss
153860 | Zig:1    | Entered Level 1 of a ziggurat
153929 | Zig:2    | Entered Level 2 of a ziggurat
154014 | Zig:3    | Entered Level 3 of a ziggurat
154017 | Zig:3    | Noticed a greater mummy
154027 | Zig:3    | Killed a greater mummy
154126 | Zig:3    | Identified the +1 leather armour "Jugh" {Str-3 Int+6} (You found it on level 3 of a ziggurat)
154129 | Zig:4    | Entered Level 4 of a ziggurat
154181 | Zig:5    | Entered Level 5 of a ziggurat
154207 | Zig:5    | Gained mutation: You occasionally shout uncontrollably at your foes. [mutagenic glow]
154248 | Zig:5    | Gained mutation: You are weak. (Str -2) [mutagenic glow]
154285 | Zig:5    | Gained mutation: Scrolls take you a little longer to read. [mutagenic glow]
154287 | Zig:6    | Entered Level 6 of a ziggurat
154293 | Zig:6    | Reached *** piety under Vehumet
154300 | Zig:6    | Noticed Buvvijud the pandemonium lord
154313 | Zig:6    | Killed Buvvijud the pandemonium lord
154378 | Zig:6    | Got a brightly glowing pewter ring
154381 | Zig:6    | Identified the ring of Hietifos {rF+ Str+3 Dex+3} (You found it on level 6 of a ziggurat)
154671 | Zig:7    | Entered Level 7 of a ziggurat
154700 | Zig:7    | Identified the Reference Book on the Glacier and Ignition
154760 | Zig:8    | Entered Level 8 of a ziggurat
154869 | Zig:8    | Identified the +0 robe of the Louse {rElec rF+ rN++ Slay-6} (You found it on level 8 of a ziggurat)
154895 | Zig:9    | Entered Level 9 of a ziggurat
154906 | Zig:9    | Reached **** piety under Vehumet
154927 | Zig:9    | Got a wavering emerald amulet
154930 | Zig:9    | Identified the amulet of Conformity {rElec Regen+} (You found it on level 9 of a ziggurat)
154947 | Zig:10   | Entered Level 10 of a ziggurat
155035 | Zig:10   | Identified the +1 ring mail of Vagangonwu {rCorr Int-2 SInv} (You found it on level 10 of a ziggurat)
155038 | Zig:10   | Identified the Reference Book on Clay
155061 | Zig:10   | Identified the +4 buckler of the Orb Guardian {Stlth+} (You found it on level 10 of a ziggurat)
155064 | Zig:11   | Entered Level 11 of a ziggurat
155081 | Zig:11   | Reached ***** piety under Vehumet
155240 | Zig:12   | Entered Level 12 of a ziggurat
155293 | Zig:12   | Identified the +2 cloak of Starshine {+Blink Int+4} (You found it on level 12 of a ziggurat)
155295 | Zig:12   | Lost mutation: You expend magic power (3 MP) to strengthen your wands. [potion of mutation]
155295 | Zig:12   | Lost mutation: You are partially covered in rugged brown scales. (AC +1, +3% HP) [potion of mutation]
155295 | Zig:12   | Lost mutation: Your spells are easier to cast, but less powerful. [potion of mutation]
155295 | Zig:12   | Gained mutation: You are covered in fur. (AC +1) [potion of mutation]
155295 | Zig:12   | Gained mutation: You are partially covered in large bone plates. (SH +4) [potion of mutation]
155296 | Zig:12   | Lost mutation: You passively map a small area around you. [potion of mutation]
155296 | Zig:12   | Lost mutation: You are weak. (Str -2) [potion of mutation]
155296 | Zig:12   | Lost mutation: You are clumsy. (Dex -2) [potion of mutation]
155296 | Zig:12   | Gained mutation: You can translocate small distances at will. [potion of mutation]
155296 | Zig:12   | Gained mutation: Your muscles are strong. (Str +2) [potion of mutation]
155297 | Zig:12   | Lost mutation: You can translocate small distances at will. [potion of mutation]
155297 | Zig:12   | Lost mutation: Your muscles are strong. (Str +2) [potion of mutation]
155297 | Zig:12   | Lost mutation: Your spells are a little easier to cast, but a little less powerful. [potion of mutation]
155297 | Zig:12   | Lost mutation: You are partially covered in large bone plates. (SH +4) [potion of mutation]
155297 | Zig:12   | Lost mutation: You are dopey. (Int -2) [potion of mutation]
155297 | Zig:12   | Gained mutation: You sometimes yell uncontrollably at your foes. [potion of mutation]
155297 | Zig:12   | Gained mutation: You frequently scream uncontrollably at your foes. [potion of mutation]
155297 | Zig:12   | Gained mutation: You are somewhat resistant to further mutation. [potion of mutation]
155298 | Zig:12   | Lost mutation: You frequently scream uncontrollably at your foes. [potion of mutation]
155298 | Zig:12   | Lost mutation: Scrolls take you a little longer to read. [potion of mutation]
155298 | Zig:12   | Lost mutation: You are covered in fur. (AC +1) [potion of mutation]
155320 | Zig:12   | Identified Jiuzxy's Incunabulum of the Earthen Blaze
155356 | Zig:13   | Entered Level 13 of a ziggurat
155589 | Zig:14   | Entered Level 14 of a ziggurat
155605 | Zig:14   | Noticed an ancient lich
155612 | Zig:14   | Noticed an ancient lich
155613 | Zig:14   | Killed an ancient lich
155616 | Zig:14   | Found the amulet of the Four Winds {rN+ MR+++ Clar}
155617 | Zig:14   | Killed an ancient lich
155705 | Zig:15   | Entered Level 15 of a ziggurat
155844 | Zig:15   | Identified the ring "Ihuff" {rF+ Int+4} (You found it on level 15 of a ziggurat)
155857 | Zig:15   | Identified the Guide on the Sinister Rocks
155892 | Zig:16   | Entered Level 16 of a ziggurat
155903 | Zig:16   | Reached ****** piety under Vehumet
155997 | Zig:16   | Identified the Compendium of Damaging Darkness
156125 | Zig:17   | Entered Level 17 of a ziggurat
156167 | Zig:17   | Learned a level 9 spell: Fire Storm
156202 | Zig:17   | Identified the ring of Ruferong {Fire rElec rPois} (You found it on level 17 of a ziggurat)
156271 | Zig:18   | Entered Level 18 of a ziggurat
156339 | Zig:18   | Identified the +4 eveningstar "Pucog" {crush, Int+3} (You found it on level 18 of a ziggurat)
156474 | Zig:19   | Entered Level 19 of a ziggurat
156525 | Zig:19   | Identified the +1 robe "Loseipis" {Regen+ Str-4 Int+5 SInv} (You found it on level 19 of a ziggurat)
156526 | Zig:19   | Identified the Compendium of Scorching Execration
156548 | Zig:19   | Got an ancient marble ring
156577 | Zig:20   | Entered Level 20 of a ziggurat
156600 | Zig:20   | Noticed Xuykenuk the pandemonium lord
156621 | Zig:20   | Killed Xuykenuk the pandemonium lord
156713 | Zig:20   | Identified the ring "Kuadaxku" {rCorr *Drain +Blink MR+ Str+7} (You found it on level 19 of a ziggurat)
156733 | Zig:20   | Identified the +1 leather armour of Repulsion {Regen+ Str+8 Slay-3} (You found it on level 20 of a ziggurat)
156763 | Zig:21   | Entered Level 21 of a ziggurat
156806 | Zig:21   | Found the ring of the Octopus King
156909 | Zig:21   | Identified the Grimoire of the Freezing Blaze
156922 | Zig:22   | Entered Level 22 of a ziggurat
156936 | Zig:22   | Noticed a juggernaut
156936 | Zig:22   | Noticed a juggernaut
156937 | Zig:22   | Killed a juggernaut
156938 | Zig:22   | Noticed a juggernaut
156939 | Zig:22   | Noticed a juggernaut
156939 | Zig:22   | Noticed a juggernaut
156940 | Zig:22   | Noticed a juggernaut
156942 | Zig:22   | Killed a juggernaut
156943 | Zig:22   | Killed a juggernaut
156944 | Zig:22   | Killed a juggernaut
156944 | Zig:22   | Killed a juggernaut
156950 | Zig:22   | Killed a juggernaut
156964 | Zig:22   | Identified the amulet of Tawn {RegenMP rElec Str+4 Stlth+} (You found it on level 22 of a ziggurat)
156966 | Zig:22   | Identified the ring of Ownag {rF+ rC- rN+ Dex+3 Stlth+} (You found it on level 22 of a ziggurat)
156994 | Zig:22   | Identified the ring "Mithrudgh" {rPois Stlth-} (You found it on level 22 of a ziggurat)
156997 | Zig:22   | Identified the +1 robe of Sloth {rPois rN+ Dex-4 Slay+3} (You found it on level 22 of a ziggurat)
157000 | Zig:23   | Entered Level 23 of a ziggurat
157219 | Zig:23   | Identified the Guide on Displacement
157251 | Zig:24   | Entered Level 24 of a ziggurat
157304 | Zig:24   | Identified the Compendium of Summoning
157309 | Zig:24   | Reached skill level 10 in Evocations
157313 | Zig:24   | Got a shimmering granite ring
157355 | Zig:25   | Entered Level 25 of a ziggurat
157431 | Zig:25   | Identified the amulet "Iley" {rF+ rC+ Regen+ Str+4} (You found it on level 25 of a ziggurat)
157432 | Zig:25   | Identified the ring "Hefipp" {rElec rC+ Str+3} (You found it on level 24 of a ziggurat)
157450 | Zig:25   | Identified the ring "Komecog" {rCorr rElec rC+ SInv} (You found it on level 25 of a ziggurat)
157469 | Zig:26   | Entered Level 26 of a ziggurat
157590 | Zig:26   | Reached skill level 15 in Evocations
157613 | Zig:26   | Identified the ring "Qizuf" {*Contam rPois rC+ AC+4 Slay+6} (You found it on level 26 of a ziggurat)
157649 | Zig:27   | Entered Level 27 of a ziggurat
157656 | Zig:27   | Noticed Imapaesa the pandemonium lord
157656 | Zig:27   | Noticed Soet the pandemonium lord
157659 | Zig:27   | Noticed Woirywk the pandemonium lord
157666 | Zig:27   | Noticed Osanlac the pandemonium lord
157669 | Zig:27   | Noticed Kunuc the pandemonium lord
157669 | Zig:27   | Noticed Calyakh the pandemonium lord
157670 | Zig:27   | Killed Imapaesa the pandemonium lord
157670 | Zig:27   | Noticed Boig the pandemonium lord
157673 | Zig:27   | Killed Calyakh the pandemonium lord
157673 | Zig:27   | Killed Woirywk the pandemonium lord
157673 | Zig:27   | Noticed Hextim the pandemonium lord
157674 | Zig:27   | Noticed Qiygroy the pandemonium lord
157674 | Zig:27   | Noticed Ifucwoci the pandemonium lord
157674 | Zig:27   | Noticed Xiw Dosu the pandemonium lord
157674 | Zig:27   | Noticed Coseniup the pandemonium lord
157677 | Zig:27   | Noticed Pelyrgh the pandemonium lord
157677 | Zig:27   | Noticed Utwexyti the pandemonium lord
157678 | Zig:27   | Noticed Dageym the pandemonium lord
157678 | Zig:27   | Noticed Healiaxt the pandemonium lord
157678 | Zig:27   | Noticed Xezxa the pandemonium lord
157678 | Zig:27   | Noticed Veplum Hiass the pandemonium lord
157680 | Zig:27   | Found the cursed +13 scythe of Curses {drain, *Curse}
157690 | Zig:27   | Killed Healiaxt the pandemonium lord
157691 | Zig:27   | Killed Utwexyti the pandemonium lord
157691 | Zig:27   | Killed Veplum Hiass the pandemonium lord
157692 | Zig:27   | Killed Xezxa the pandemonium lord
157693 | Zig:27   | Noticed Xemaeps the pandemonium lord
157696 | Zig:27   | Killed Xemaeps the pandemonium lord
157701 | Zig:27   | Killed Boig the pandemonium lord
157702 | Zig:27   | Noticed Kitof the pandemonium lord
157703 | Zig:27   | Killed Soet the pandemonium lord
157703 | Zig:27   | Killed Coseniup the pandemonium lord
157889 | Depths:1 | Killed Dageym the pandemonium lord
157913 | Depths:1 | Was forgiven by Sif Muna
158299 | Zot:5    | Entered Level 5 of the Realm of Zot
158341 | Zot:5    | Noticed an orb of fire
158357 | Zot:5    | Killed an orb of fire
158455 | Zot:5    | Noticed an ancient lich
158471 | Zot:5    | Killed an ancient lich
159023 | Zot:5    | Noticed an orb of fire
159034 | Zot:5    | Killed an orb of fire
159253 | Zot:5    | Noticed an orb of fire
159289 | Zot:5    | Noticed an orb of fire
159299 | Zot:5    | Killed an orb of fire
159300 | Zot:5    | Noticed an orb of fire
159300 | Zot:5    | Noticed an orb of fire
159300 | Zot:5    | Noticed an orb of fire
159300 | Zot:5    | Noticed an orb of fire
159307 | Zot:5    | Noticed an orb of fire
159308 | Zot:5    | Noticed an orb of fire
159309 | Zot:5    | HP: 6/192 [orb of fire/fireball (13)]
159311 | Zot:5    | Killed from afar by an orb of fire

Vault maps used:
D:1:      saegor_arrival_simple_b
D:2:      lemuel_doored_altar, fedhas_altar_1
D:3:      nicolae_overflow_hidden_temple, minmay_rat_hole
D:4:      old_standard_altar, minmay_temple_entry_butterflies,
          minmay_ogre_servants, uniq_grinder
D:5:      overflow_temple_1_default, first_ration
D:6:      kennysheep_little_box, uniq_crazy_yiuf_cottage, uniq_eustachio
D:7:      uniq_joseph
D:8:      enter_bailey_3, serial_shops, shop, uniq_pikel
D:9:      eat_drink_and_be_merry_uskayaw, serial_shops, shop, lemuel_oklob_altar
D:10:     david_orc_3
D:11:     lair_entry_dummy, serial_shops, nicolae_shop_stone, the_bakery
D:14:     david_vaults_2
D:15:     gammafunk_enter_depths_forms, serial_shops, shop, grunt_decor_cap,
          minmay_crystal_water
Lair:2:   serial_bayou_lake_a, grunt_megastairs_5
Lair:3:   minmay_shoals_entry_lonely_mermaid, lab_entry_generic,
          infiniplex_staircase_pool_2
Lair:4:   spider_nest_entry_rubble, grunt_forest_large_clearings
Lair:5:   slime_altar_1, nicolae_quartered_pool_little, lemuel_fruit_tree
Lair:6:   due_jungle_book, grunt_megastairs_2
Shoals:2: cheibrodos_shoals_roost, serial_shops, shop_fountains, shop_statue,
          shop_fountains
Shoals:3: uniq_polyphemus
Shoals:4: shoals_end_grunt_garden, shoals_ilsuiw_ice, uniq_donald
Spider:2: spider_trap, uniq_asterion
Spider:3: special_room, zaba_antful_of_joy
Spider:4: johnstein_spider_rune_arachne_lair, nicolae_orb_island
Orc:1:    enter_volcano_3, serial_shops, shop
Orc:2:    grunt_orc_gardens, grunt_orc_garden, grunt_orc_garden,
          grunt_orc_garden, grunt_orc_garden, serial_shops, shop_scrolls,
          uniq_nessos
Elf:1:    eino_elf_arrival_shootout, serial_shops, bzr_entry_dummy,
          minmay_elf_annihilation, spider_trap, nicolae_elf_w_pinch, uniq_aizul,
          uniq_roxanne
Elf:2:    uniq_nikola
Elf:3:    nooodl_elf_gasket, serial_shops, shop, minmay_shop_grove
Vaults:1: nicolae_vaults_twisting_passages, grunt_vaults_funnel, v_misc_3,
          grunt_vaults_diagonal, grunt_vaults_twisty, vaults_dpeg_hooks,
          nicolae_vaults_little_squares_4, v_misc_12,
          nicolae_vaults_little_squares_5, vaults_room_corners,
          portal_desolation_entry_nicolae_slug, serial_shops, shop
Vaults:2: vaults_dpeg_encased_lava, ontoclasm_vaults_loading_screen,
          grunt_vaults_hallway_short, hangedman_vaults_unwind,
          grunt_vaults_swirl, hangedman_vaults_maws, v_rooms_4, st_diamondy,
          hangedman_vaults_nails, ontoclasm_vaults_idyll, ontoclasm_vaults_spin,
          grunt_vaults_hallway_short, nicolae_vaults_rhombus_6
Vaults:3: minmay_crypt_entry_necro_gods, v_misc_18, v_alt_pattern_5,
          vaults_dpeg_diagonal, nicolae_vaults_circle_grid_a,
          ontoclasm_vaults_ring_small, vaults_mumra_minichess,
          nicolae_vaults_circle_grid_b, nicolae_vaults_network_s,
          vaults_room_pool, hangedman_vaults_slice, serial_shops, shop,
          uniq_bai_suzhen
Vaults:4: vaults_room_semicircle, grunt_tower_of_power,
          vaults_mumra_minichess_inversion, nicolae_vaults_network_square,
          grunt_vaults_hallway_long, hangedman_vaults_nodes,
          nicolae_vaults_network_quinsquares, hangedman_vaults_corner_blocks,
          ontoclasm_vaults_chip, ontoclasm_vaults_gateway,
          nicolae_vaults_little_squares_3, serial_ice_h, v_alt_pattern_1
Crypt:1:  hangedman_screamer, grunt_ministairs_10
Crypt:2:  grunt_ministairs_14, door_vault, uniq_mennas
Crypt:3:  due_elkab, nicolae_tomb_entry_rubble_hallway, nicolae_crypt_niches
Tomb:1:   uniq_khufu, uniq_jory, uniq_boris
Depths:1: enter_ziggurat_a, minmay_holes, hell_entry, feat_on_display
Depths:2: hangedman_arch_fort, kennysheep_doodads, abyss_entry, hell_entry,
          serial_bayou_pond_a, minmay_misc_feat_iff,
          infiniplex_staircase_hallway_doors
Depths:3: grunt_deathspiral_large, rand_demon_pan_entry_4, hell_entry,
          lemuel_statue_altar, uniq_boris
Depths:4: minmay_the_grid_3x3, special_room, serial_shops, kennysheep_mini,
          hell_entry, abyss_entry, rand_demon_pan_entry_9,
          minmay_misc_feat_square, nemelex_diamond_rough_becter
Depths:5: grunt_profane_halls, hell_entry
Dis:6:    lemuel_dis_dragons
Dis:7:    iron_city_of_dis
Geh:2:    lemuel_flamethrower_2
Geh:3:    evilmike_ambush
Geh:7:    evilmike_geh
Coc:7:    coc_grunt
Tar:3:    grunt_megastairs_3
Tar:7:    tar_mu
Zot:2:    lemuel_halls_of_wrath, st_small_dragon_hoard_2
Zot:4:    st_stairs_9, grunt_megastairs_1, lemuel_elevator
Abyss:1:  evilmike_abyss_exit_mutagenic, hangedman_cross_veins,
          evilmike_abyss_exit_1
Abyss:3:  hangedman_relentless_pull
Abyss:4:  nicolae_abyss_rune_star_stuff
Pan:      regret_index_pan_draining_boxed, rand_demon_6, grunt_pan_frozen_over,
          pan_blood_fountain, nicolae_pan_lom_lobonic_1, rand_demon_8,
          rand_demon_4, rand_demon_2, pan_blood_fountain_small,
          gloorx_vloq_grunt, grunt_pan_pentagram, evilmike_mini_pan_pillars,
          rand_demon_9, nicolae_pan_sigil_itan, lom_lobon,
          nicolae_pan_strange_glyphs, pan_disco_hall, grunt_pan_in_and_out,
          pan_blood_fountain_2, nicolae_pan_lom_lobonic_1, mnoleg_st,
          pan_blood_fountain, cerebov, pan_blood_fountain
Zig:6:    ziggurat_pillar_centre_oklobs
Zig:10:   ziggurat_pillar_centre_dead_trees
Zig:14:   ziggurat_pillar_centre_c
Zig:15:   ziggurat_pillar_centre_smoke
Zig:19:   ziggurat_pillar_centre_drop
Bazaar:   bazaar_minmay_generic_island
Bailey:   bailey_polearm_5, bailey

Skill      XL: |  1  2  3  4  5  6  7  8  9 10 11 12 13 14 15 16 17 18 19 20 21 22 23 24 25 26 27 |
---------------+----------------------------------------------------------------------------------+-----
Conjurations   | 2 3 4 5 7 9 12 15 18 21 | 21.8
Dodging        | 3 4 5 9 10 20 | 20.3
Fire Magic     | 4 5 6 9 11 12 23 | 23.2
Stealth        | 3 4 5 9 |  9.0
Spellcasting   | 3 4 6 8 9 11 14 15 16 17 18 19 21 22 23 27 | 27.0
Armour         | 2 3 8 10 21 | 21.4
Invocations    | 5 10 | 10.6
Shields        | 3 4 7 12 14 15 | 15.0
Fighting       | 4 5 8 10 24 | 24.5
Staves         | 4 5 |  5.0
Evocations     | 5 17 | 17.9
Summonings     | 8 15 16 24 | 24.0
Necromancy     | 12 16 20 | 20.6
Polearms       | 5 11 | 11.6
Transmutations | 13 | 13.8

Action                   |  1- 3 |  4- 6 |  7- 9 | 10-12 | 13-15 | 16-18 | 19-21 | 22-24 | 25-27 || total
-------------------------+-------+-------+-------+-------+-------+-------+-------+-------+-------++-------
Melee: Unarmed           |     6 |     5 |       |       |       |       |       |       |       ||    11
       Peck              |     1 |     1 |    11 |     5 |    63 |    49 |    33 |    43 |   690 ||   896
       Kick              |     1 |     2 |     9 |     4 |    97 |    79 |    41 |    71 |  1064 ||  1368
       Halberd           |       |    12 |       |       |       |       |       |       |       ||    12
       Flail             |       |     3 |    24 |     1 |       |       |       |       |       ||    28
       Dagger            |       |       |    18 |       |       |       |       |       |       ||    18
       Staff             |       |       |       |    30 |   311 |   309 |   223 |    24 |     1 ||   898
       Trident           |       |       |       |     2 |    64 |    53 |     7 |       |       ||   126
       Lance             |       |       |       |       |       |       |       |   295 |  6056 ||  6351
 Cast: Flame Tongue      |    64 |   115 |   154 |    80 |     1 |     4 |       |       |       ||   418
       Throw Flame       |     5 |    23 |   147 |   353 |   356 |   111 |     4 |     2 |     1 ||  1002
       Conjure Flame     |       |       |    14 |    19 |       |     7 |     5 |       |       ||    45
       Fireball          |       |       |     5 |    55 |   292 |   259 |   144 |    14 |    15 ||   784
       Sticky Flame      |       |       |       |    29 |    53 |    20 |    19 |     4 |     9 ||   134
       Bolt of Fire      |       |       |       |       |    48 |   220 |   326 |   348 |   297 ||  1239
       Mephitic Cloud    |       |       |       |       |     4 |     7 |       |     3 |     1 ||    15
       Iskenderun's Myst |       |       |       |       |       |    41 |     1 |       |       ||    42
       Orb of Destructio |       |       |       |       |       |     4 |    48 |   106 |   133 ||   291
       Summon Lightning  |       |       |       |       |       |       |    11 |    24 |       ||    35
       Spellforged Servi |       |       |       |       |       |       |    28 |    82 |   136 ||   246
       Summon Butterflie |       |       |       |       |       |       |     5 |       |    25 ||    30
       Monstrous Menager |       |       |       |       |       |       |       |    32 |     9 ||    41
       Haunt             |       |       |       |       |       |       |       |    34 |   235 ||   269
       Dispel Undead     |       |       |       |       |       |       |       |    39 |   525 ||   564
       Death Channel     |       |       |       |       |       |       |       |    15 |       ||    15
       Infestation       |       |       |       |       |       |       |       |       |   466 ||   466
       Summon Horrible T |       |       |       |       |       |       |       |       |   251 ||   251
       Ignition          |       |       |       |       |       |       |       |       |   177 ||   177
       Regeneration      |       |       |       |       |       |       |       |       |    99 ||    99
       Dragon's Call     |       |       |       |       |       |       |       |       |    64 ||    64
       Necromutation     |       |       |       |       |       |       |       |       |    33 ||    33
       Sublimation of Bl |       |       |       |       |       |       |       |       |    26 ||    26
       Fire Storm        |       |       |       |       |       |       |       |       |    17 ||    17
       Apportation       |       |       |       |       |       |       |       |       |     5 ||     5
       Blink             |       |       |       |       |       |       |       |       |     2 ||     2
Invok: Divine Energy     |       |     1 |       |       |       |       |       |       |     1 ||     2
       Channel Magic     |       |       |       |       |     5 |     8 |     3 |       |    63 ||    79
       Forget Spell      |       |       |       |       |       |       |     1 |       |     2 ||     3
       Stop Divine Energ |       |       |       |       |       |       |       |       |     1 ||     1
 Abil: Fly               |       |       |     1 |     7 |     1 |       |       |       |       ||     9
       End Transformatio |       |       |       |       |       |       |       |       |     8 ||     8
       Evoke Fog         |       |       |       |       |       |       |       |       |     7 ||     7
Evoke: Wand              |       |       |     4 |    12 |     6 |    21 |     3 |    13 |    46 ||   105
       Lightning rod     |       |       |       |       |     6 |     4 |    10 |     6 |     2 ||    28
       Staff of energy   |       |       |       |       |       |       |       |     1 |       ||     1
       Sack of spiders   |       |       |       |       |       |       |       |     3 |    10 ||    13
       Phial of floods   |       |       |       |       |       |       |       |     1 |    13 ||    14
       Box of beasts     |       |       |       |       |       |       |       |       |     8 ||     8
       Lamp of fire      |       |       |       |       |       |       |       |       |     7 ||     7
       Phantom mirror    |       |       |       |       |       |       |       |       |     4 ||     4
  Use: Scroll            |       |     6 |    12 |    10 |    26 |    20 |     6 |    12 |   115 ||   207
       Potion            |       |     1 |     5 |       |     6 |     9 |       |     3 |    72 ||    96
 Stab: Sleeping          |       |       |     5 |       |     1 |       |     1 |       |    22 ||    29
       Paralysed         |       |       |     2 |       |       |       |       |       |       ||     2
       Distracted        |       |       |       |       |       |     1 |       |     8 |   149 ||   158
       Invisible         |       |       |       |       |       |       |       |       |     2 ||     2
  Eat: Chunk             |     2 |    10 |    15 |    24 |    74 |    45 |    67 |    61 |   108 ||   406
       Ration            |       |       |     2 |     5 |     8 |    19 |    11 |    21 |    89 ||   155
Armor: Robe              |    13 |     6 |     1 |       |       |       |       |       |       ||    20
       Leather armour    |       |       |    22 |       |       |       |       |       |       ||    22
       Skin              |       |       |    30 |       |       |       |       |       |       ||    30
       Ring mail         |       |       |     1 |    64 |   144 |   221 |    52 |   102 |  1370 ||  1954
Dodge: Dodged            |    35 |    47 |    64 |   154 |   428 |   604 |   198 |   287 |  2372 ||  4189
Block: Buckler           |       |       |       |    28 |   116 |    32 |       |       |       ||   176
       Shield            |       |       |       |       |       |   282 |   177 |   214 |  2616 ||  3289

Table legend:
 A = Spawn XP
 B = Non-spawn XP
 C = Spawn XP percentage of total XP
 D = Spawn monster count
 E = Non-spawn monster count
 F = Spawn count percentage of total count
 G = Total turns spent on level
                    A         B        C        D         E        F      G
               +---------+---------+-------+---------+---------+-------+---------
         Total |  156641 | 3701290 |   4.1 |     341 |    5445 |   5.9 | 159311
               +---------+---------+-------+---------+---------+-------+---------
           D:1 |       0 |      56 |   0.0 |       0 |      30 |   0.0 |  1196
           D:2 |       0 |     152 |   0.0 |       0 |      30 |   0.0 |  1484
           D:3 |       0 |     170 |   0.0 |       0 |      47 |   0.0 |  1246
           D:4 |       0 |     979 |   0.0 |       0 |      18 |   0.0 |  1056
           D:5 |       0 |     500 |   0.0 |       0 |      24 |   0.0 |  1363
           D:6 |       0 |     405 |   0.0 |       0 |      15 |   0.0 |  1936
           D:7 |       0 |    1486 |   0.0 |       0 |      19 |   0.0 |   984
           D:8 |       0 |    1736 |   0.0 |       0 |      20 |   0.0 |  1567
           D:9 |       0 |    3058 |   0.0 |       0 |      28 |   0.0 |  1730
          D:10 |       0 |    5192 |   0.0 |       0 |      44 |   0.0 |  2273
          D:11 |       0 |    3795 |   0.0 |       0 |      21 |   0.0 |  2211
          D:12 |       0 |    7571 |   0.0 |       0 |      37 |   0.0 |  1482
          D:13 |       0 |    2888 |   0.0 |       0 |      13 |   0.0 |   798
          D:14 |       0 |    6227 |   0.0 |       0 |      26 |   0.0 |  1870
          D:15 |       0 |    8927 |   0.0 |       0 |      34 |   0.0 |  2265
        Lair:1 |       0 |    4065 |   0.0 |       0 |      19 |   0.0 |  1768
        Lair:2 |       0 |    6319 |   0.0 |       0 |      27 |   0.0 |  1619
        Lair:3 |       0 |    2946 |   0.0 |       0 |      15 |   0.0 |  1642
        Lair:4 |       0 |   11260 |   0.0 |       0 |      60 |   0.0 |  3195
        Lair:5 |       0 |    6542 |   0.0 |       0 |      27 |   0.0 |  1588
        Lair:6 |       0 |   16545 |   0.0 |       0 |      40 |   0.0 |  2096
      Shoals:1 |       0 |    6882 |   0.0 |       0 |      17 |   0.0 |  1907
      Shoals:2 |       0 |   18348 |   0.0 |       0 |      30 |   0.0 |  2290
      Shoals:3 |       0 |   23448 |   0.0 |       0 |      37 |   0.0 |  3336
      Shoals:4 |       0 |   40148 |   0.0 |       0 |      68 |   0.0 |  1877
      Spider:1 |       0 |   12577 |   0.0 |       0 |      26 |   0.0 |  1909
      Spider:2 |       0 |   12923 |   0.0 |       0 |      32 |   0.0 |  1046
      Spider:3 |       0 |   11862 |   0.0 |       0 |      68 |   0.0 |  3008
      Spider:4 |       0 |   50194 |   0.0 |       0 |      95 |   0.0 |  3830
       Slime:1 |       0 |    3493 |   0.0 |       0 |      15 |   0.0 |   168
       Slime:2 |       0 |   10491 |   0.0 |       0 |      26 |   0.0 |   791
       Slime:3 |       0 |   10848 |   0.0 |       0 |      22 |   0.0 |   235
       Slime:4 |       0 |    3286 |   0.0 |       0 |      14 |   0.0 |   171
       Slime:5 |       0 |   22236 |   0.0 |       0 |      31 |   0.0 |   811
         Orc:1 |       0 |    6926 |   0.0 |       0 |      55 |   0.0 |  1633
         Orc:2 |       0 |   11712 |   0.0 |       0 |      51 |   0.0 |  1901
         Elf:1 |       0 |   33770 |   0.0 |       0 |      52 |   0.0 |  2161
         Elf:2 |       0 |   40050 |   0.0 |       0 |      66 |   0.0 |  2072
         Elf:3 |       0 |   64179 |   0.0 |       0 |      61 |   0.0 |  4066
      Vaults:1 |       0 |   32546 |   0.0 |       0 |      63 |   0.0 |  3822
      Vaults:2 |       0 |   32754 |   0.0 |       0 |      45 |   0.0 |  3520
      Vaults:3 |       0 |   75008 |   0.0 |       0 |      90 |   0.0 |  4685
      Vaults:4 |       0 |   84991 |   0.0 |       0 |     132 |   0.0 |  3957
      Vaults:5 |       0 |  126169 |   0.0 |       0 |     152 |   0.0 |  2410
       Crypt:1 |       0 |   35135 |   0.0 |       0 |      55 |   0.0 |  2174
       Crypt:2 |       0 |   66641 |   0.0 |       0 |      62 |   0.0 |  3232
       Crypt:3 |       0 |   66109 |   0.0 |       0 |      77 |   0.0 |  2832
        Tomb:1 |       0 |  145772 |   0.0 |       0 |      93 |   0.0 |  2035
        Tomb:2 |       0 |   35456 |   0.0 |       0 |      66 |   0.0 |   740
        Tomb:3 |       0 |   91387 |   0.0 |       0 |      97 |   0.0 |   601
      Depths:1 |       0 |   38979 |   0.0 |       0 |      56 |   0.0 |  2754
      Depths:2 |       0 |   39202 |   0.0 |       0 |      45 |   0.0 |  3128
      Depths:3 |       0 |   76277 |   0.0 |       0 |      96 |   0.0 |  4967
      Depths:4 |       0 |  109549 |   0.0 |       0 |     108 |   0.0 |  4975
      Depths:5 |       0 |   89877 |   0.0 |       0 |     107 |   0.0 |  4382
          Hell |       0 |   27927 |   0.0 |       0 |      69 |   0.0 |  1177
         Dis:1 |       0 |   12282 |   0.0 |       0 |      33 |   0.0 |   334
         Dis:2 |       0 |    5884 |   0.0 |       0 |       9 |   0.0 |   204
         Dis:3 |       0 |    1297 |   0.0 |       0 |       6 |   0.0 |    75
         Dis:4 |       0 |    9023 |   0.0 |       0 |      33 |   0.0 |   255
         Dis:5 |       0 |    8692 |   0.0 |       0 |      30 |   0.0 |   449
         Dis:6 |       0 |    2904 |   0.0 |       0 |       9 |   0.0 |   145
         Dis:7 |       0 |   60828 |   0.0 |       0 |      74 |   0.0 |  1502
         Geh:1 |       0 |    9125 |   0.0 |       0 |      22 |   0.0 |   206
         Geh:2 |       0 |    9294 |   0.0 |       0 |      24 |   0.0 |   114
         Geh:4 |       0 |   15340 |   0.0 |       0 |      38 |   0.0 |   263
         Geh:5 |       0 |    8817 |   0.0 |       0 |      29 |   0.0 |   186
         Geh:6 |       0 |   13273 |   0.0 |       0 |      52 |   0.0 |   511
         Geh:7 |       0 |   63805 |   0.0 |       0 |     100 |   0.0 |  1313
         Coc:2 |       0 |   31061 |   0.0 |       0 |      68 |   0.0 |   496
         Coc:3 |       0 |    3144 |   0.0 |       0 |      15 |   0.0 |   122
         Coc:4 |       0 |    1501 |   0.0 |       0 |       7 |   0.0 |    34
         Coc:5 |       0 |   16813 |   0.0 |       0 |      34 |   0.0 |    92
         Coc:6 |       0 |    8307 |   0.0 |       0 |      17 |   0.0 |   214
         Coc:7 |       0 |   70431 |   0.0 |       0 |     113 |   0.0 |  1005
         Tar:1 |       0 |   14351 |   0.0 |       0 |      26 |   0.0 |   497
         Tar:2 |       0 |   32650 |   0.0 |       0 |      46 |   0.0 |   415
         Tar:3 |       0 |   21584 |   0.0 |       0 |      43 |   0.0 |   569
         Tar:4 |       0 |   11742 |   0.0 |       0 |      30 |   0.0 |   435
         Tar:5 |       0 |    5436 |   0.0 |       0 |      21 |   0.0 |   219
         Tar:6 |       0 |    8469 |   0.0 |       0 |      12 |   0.0 |    86
         Tar:7 |       0 |   40913 |   0.0 |       0 |      46 |   0.0 |  1045
         Zot:1 |       0 |   53333 |   0.0 |       0 |      40 |   0.0 |  2107
         Zot:2 |       0 |   79336 |   0.0 |       0 |      84 |   0.0 |  2503
         Zot:3 |       0 |   37246 |   0.0 |       0 |      37 |   0.0 |  1581
         Zot:4 |       0 |   66341 |   0.0 |       0 |      54 |   0.0 |  1209
         Zot:5 |       0 |   81921 |   0.0 |       0 |      43 |   0.0 |  1012
       Abyss:1 |   46978 |   59769 |  44.0 |      79 |     107 |  42.5 |  2635
       Abyss:2 |    1079 |     205 |  84.0 |       6 |       1 |  85.7 |   235
       Abyss:3 |       0 |    8574 |   0.0 |       0 |       7 |   0.0 |    58
       Abyss:4 |   22726 |   44017 |  34.1 |      73 |      91 |  44.5 |  1210
           Pan |   85858 |  230779 |  27.1 |     183 |     343 |  34.8 | 11310
         Zig:1 |       0 |    1320 |   0.0 |       0 |       1 |   0.0 |    69
         Zig:2 |       0 |    1822 |   0.0 |       0 |       2 |   0.0 |    85
         Zig:3 |       0 |    5808 |   0.0 |       0 |       5 |   0.0 |   115
         Zig:4 |       0 |    6034 |   0.0 |       0 |       6 |   0.0 |    52
         Zig:5 |       0 |    4125 |   0.0 |       0 |      11 |   0.0 |   106
         Zig:6 |       0 |    9800 |   0.0 |       0 |      14 |   0.0 |   384
         Zig:7 |       0 |    5586 |   0.0 |       0 |      13 |   0.0 |    89
         Zig:8 |       0 |   10286 |   0.0 |       0 |      13 |   0.0 |   135
         Zig:9 |       0 |   10206 |   0.0 |       0 |      16 |   0.0 |    52
        Zig:10 |       0 |    7987 |   0.0 |       0 |      16 |   0.0 |   117
        Zig:11 |       0 |   18735 |   0.0 |       0 |      15 |   0.0 |   176
        Zig:12 |       0 |   11875 |   0.0 |       0 |      18 |   0.0 |   116
        Zig:13 |       0 |   17075 |   0.0 |       0 |      28 |   0.0 |   233
        Zig:14 |       0 |   42577 |   0.0 |       0 |      21 |   0.0 |   116
        Zig:15 |       0 |   30546 |   0.0 |       0 |      23 |   0.0 |   187
        Zig:16 |       0 |   44335 |   0.0 |       0 |      31 |   0.0 |   233
        Zig:17 |       0 |   44745 |   0.0 |       0 |      39 |   0.0 |   146
        Zig:18 |       0 |   43343 |   0.0 |       0 |      31 |   0.0 |   203
        Zig:19 |       0 |   38203 |   0.0 |       0 |      63 |   0.0 |   103
        Zig:20 |       0 |   54037 |   0.0 |       0 |      45 |   0.0 |   186
        Zig:21 |       0 |   47691 |   0.0 |       0 |      63 |   0.0 |   159
        Zig:22 |       0 |   70099 |   0.0 |       0 |      66 |   0.0 |    78
        Zig:23 |       0 |   43374 |   0.0 |       0 |      76 |   0.0 |   251
        Zig:24 |       0 |   57633 |   0.0 |       0 |      85 |   0.0 |   104
        Zig:25 |       0 |   60719 |   0.0 |       0 |      91 |   0.0 |   114
        Zig:26 |       0 |  109042 |   0.0 |       0 |      60 |   0.0 |   180
        Zig:27 |       0 |  103617 |   0.0 |       0 |      38 |   0.0 |    61
        Bailey |       0 |     618 |   0.0 |       0 |      30 |   0.0 |   654
    Desolation |       0 |    3594 |   0.0 |       0 |       8 |   0.0 |    93
               +---------+---------+-------+---------+---------+-------+---------
